Workbook

Sheet Nodiadau Canllawiau
L3: Fersiwn: v1.3 | N3: 45596
I6: Ffurflen Gais
C10: Grant Gwres Carbon Isel y Sector Cyhoeddus | L10: - | M10: Rownd 3
C12: Cwblhewch bob adran 1-5 fel y nodir isod:
C14: 1. Manylion yr Ymgeisydd | H14: O fewn adrannau 1-5 mae'r cod lliw canlynol yn berthnasol:
C15: 2. Manylion Prosiect | H15: Celloedd Glas | I15: = mewnbwn defnyddiwr
C16: 3. Manylion Costau Cymwys | H16: Celloedd Gwyrdd | I16: = cyfrifo’n awtomatig
C17: 4. Risgiau
C18: 5. Crynodeb a Datganiad
C20: Cyfeiriwch at Grant Gwres Carbon Carbon Isel y Sector Cyhoeddus - Canllawiau Hydref 2024, a ryddhawyd ochr yn ochr â'r ffurflen hon, ar gyfer meini prawf cymhwysedd ac amodau'r grant.
C22: Nodiadau Pwysig
C24: Gellir llenwi'r ffurflen hon ar gyfer hyd at 10 safle, os oes mwy o safleoedd i'ch cais, llenwch ffurflen arall ar eu cyfer.
C25: Rhoddir cyllid i ymgeiswyr a all sicrhau y gellir gosod a chomisiynu prosiectau erbyn 31 Mawrth 2026 yn unig.
C26: Rhaid i geisiadau gael eu cefnogi gan gyfarwyddwr sy'n noddi, bydd angen llofnod pan ddarperir llythyrau cynnig.
C27: Sylwer na all y gwaith ddechrau hyd nes y derbynnir llythyr dyfarniad grant ffurfiol wedi'i lofnodi.
C29: Cyflwyniadau Cais
C31: Anfonwch ffurflenni cais wedi'u cwblhau at publicsectorheat@energyservice.wales
C32: Os oes gennych unrhyw ymholiadau ar y broses ymgeisio neu'r ffurflen ei hun, defnyddiwch y cyfeiriad uchod.
C34: Ymwrthodiad Rhannu Data
... C43: enquiries@energyservice.wales

Sheet 1. Manylion Ymgeisydd
C2: 1. MANYLION YMGEISYDD
B10: 1.1 Cyflwyniad Prosiect
B12: Y Prosiect
D13: Rhowch grynodeb byr o'ch prosiectau, dylai hyn gynnwys: - Enwau Adeiladau - Enwau Technolegau - Unrhyw gefndir perthnasol
D15: Faint o adeiladau ydych chi'n gwneud cais amdanynt: | E15: Dewiswch
B18: Cydymffurfiad
H19: Iawn / Methu
D20: Cadarnhewch fod eich sefydliad naill ai'n berchen, prydlesi tymor hir, neu'n adrodd ar yr allyriadau carbon ar gyfer yr adeiladau hyn | E20: FALSE | H20: =IF(E20=TRUE, "Iawn", "Methu") -> Methu
D22: Cadarnhewch fod eich sefydliad yn cadw'r adeilad / les am o leiaf 10 mlynedd | E22: FALSE | H22: =IF(E22=TRUE, "Iawn", "Methu") -> Methu
D24: Cadarnhewch fod yr ymgeisydd yn awdurdod lleol | E24: FALSE | H24: =IF(E24=TRUE, "Iawn", "Methu") -> Methu
D26: Cadarnhewch nad yw'r gwaith arfaethedig wedi dechrau eto | E26: FALSE | H26: =IF(E26=TRUE, "Iawn", "Methu") -> Methu
D28: Cadarnhewch y bydd y gwaith wedi'i gwblhau erbyn 31 Mawrth 2026 | E28: FALSE | H28: =IF(E28=TRUE, "Iawn", "Methu") -> Methu
D30: A yw unrhyw un o'r prosiectau yn y cais hwn yn ymwneud â gwresogi ardal? | E30: Dewiswch
D32: A yw unrhyw un o'r prosiectau yn y cais hwn yn dibynnu ar ffrwd ariannu arall? | E32: Dewiswch | H32: {=_xlfn.SWITCH(E32,"Ie","Rhowch manylion yn dalen 3.Manylion Costau Cymwys","Na","Annibynnol","Dewiswch","")}
D34: A yw unrhyw un o'r prosiectau yn y cais hwn yn dibynnu ar amserlenni prosiect arall? Os 'Ie' wedyn rhowch manylion yn y blwch . | E34: Dewiswch | H34: {=_xlfn.SWITCH(E34,"Ie","Rhowch manylion yn adran 2.6.Manylion Prosiect - prosiectau dibynnol","Na","Annibynnol","Dewiswch","")}
B36: Caffael
D37: Ydych chi'n bwriadu cyflawni'r prosiectau hyn trwy gontract Re:fit? | E37: Dewiswch
D39: A oes gennych gynnig gradd buddsoddi neu ddyluniad manwl yn ei le? | E39: Dewiswch
D41: Yn gyffredinol, pa gam sy'n disgrifio orau eich sefyllfa caffael. Mae angen rhagor o wybodaeth yn y tab nesaf | E41: Dewiswch
D43: Nodwch pa gam o'r broses gaffael rydych chi ynddi. Cofiwch gynnwys: - A oes proses dendro lawn wedi'i chynnal? Os Na: - Sut ydych wedi cael dyfynbrisiau hyd yn hyn - Unrhyw fframwaith y byddwch yn ei ddefnyddio at ddibenion y gwaith hwn - Eich llinell amser caffael rhwng dyfarnu cyllid i benodi contractwr
B45: 1.2 Manylion Ymgeisydd
B47: Sefydliad
D48: Sefydliad yr Ymgeisydd
D50: Cyfeiriad yr Ymgeisydd
D52: Cod Post yr Ymgeisydd
B54: Cyswllt/Ymgeisydd Allweddol
D55: Enw Cyswllt Allweddol
D57: Teitl Swydd Cyswllt Allweddol
D59: Cyfeiriad E-bost Cyswllt Allweddol
D61: Rhif Ffôn Cyswllt Allweddol
B63: Cyswllt Cyllid
D64: Enw Cyswllt Cyllid
D66: Teitl Swydd Cyswllt Cyllid
D68: Cyfeiriad E-bost Cyswllt Cyllid
D70: Rhif Ffôn Cyswllt Cyllid
B72: Cyfarwyddwr Noddi
D73: Enw Cyfarwyddwr Noddi
D75: Teitl Swydd Cyfarwyddwr Noddi
D77: Cyfeiriad E-bost Cyfarwyddwr Noddi
D79: Rhif Ffôn Cyfarwyddwr Noddi
B81: Cyswllt Ychwanegol 1 (dewisol)
D82: Rôl ar y Prosiect
D84: Enw
D86: Teitl Swydd
D88: Cyfeiriad E-bost
D90: Rhif Ffôn
B92: Cyswllt Ychwanegol 2 (dewisol)
D93: Rôl ar y Prosiect
D95: Enw
D97: Teitl Swydd
D99: Cyfeiriad E-bost
D101: Rhif Ffôn
B104: Diwedd y ddalen
E172: Water source heat pump
E173: Ground source heat pump
E174: Air source heat pump
E175: Connection to an existing district heating scheme

Sheet 2. Manylion Prosiect
D1: FALSE
C2: 2. MANYLION PROSIECT
C3: =IF('1. Manylion Ymgeisydd'!E15="Dewiswch","Rhifwch y nifer o adeiladau yn dalen 1. Manylion Ymgeisydd","") -> Rhifwch y nifer o adeiladau yn dalen 1. Manylion Ymgeisydd
C4: 2.1 MEWNBYNNWCH MEWN TREFN BLAENORIAETH >>> | D4: ADEILAD UN | F4: ADEILAD DAU | H4: ADEILAD TRI | J4: ADEILAD PEDWAR | L4: ADEILAD PUMP | N4: ADEILAD CHWECH | P4: ADEILAD SAITH | R4: ADEILAD WYTH | T4: ADEILAD NAW | V4: ADEILAD DEG | Y4: Hidden for assessment
C6: Enw'r Adeilad
C8: Cyfeiriad yr Adeilad
C10: Cod Post yr Adeilad
C12: Math o adeilad | D12: Dewiswch | F12: Dewiswch | H12: Dewiswch | J12: Dewiswch | L12: Please select | N12: Please select | P12: Dewiswch | R12: Please select | T12: Please select | V12: Please select
C14: Arwynebedd Gros Llawr Mewnol yr Adeilad (m2)
C16: Cadarnhewch eich bod yn cadw perchnogaeth / les yr adeilad hwn am o leiaf 10 mlynedd | D16: Dewiswch | F16: Dewiswch | H16: Dewiswch | J16: Please select | L16: Please select | N16: Please select | P16: Please select | R16: Please select | T16: Please select | V16: Please select
C18: A yw'r adeilad yng nghyffiniau rhwydwaith gwres presennol neu un wedi'i gynllunio? | D18: Dewiswch | F18: Dewiswch | H18: Dewiswch | J18: Please select | L18: Please select | N18: Please select | P18: Please select | R18: Please select | T18: Please select | V18: Please select
C20: Disgrifiad o'r Prosiect: Cofiwch gynnwys manylion fel: - Y dechnoleg carbon isel a ddewiswyd a sut y dewiswyd hyn dros ddewisiadau amgen - Mesurau effeithlonrwydd ynni sy'n cefnogi dull adeilad cyfan
C22: Rhowch fanylion am unrhyw waith uwchraddio arfaethedig yn yr adeilad yn y dyfodol (gan gynnwys manylion gwaith trydanol fel cynhyrchu ar y safle neu wefru cerbydau trydan).
B25: 2.2 Technoleg Gwres a Defnydd Gwres Presennol
C27: A oes angen cynhyrchu gwres ychwanegol ar gyfer gwresogi? | D27: Na | F27: Na | H27: Na | J27: Na | L27: Na | N27: Na | P27: Na | R27: Na | T27: Na | V27: Na
C29: A oes angen cynhyrchu gwres pellach ar gyfer dŵr poeth domestig neu ddefnydd gwres arall? | D29: Na | F29: Na | H29: Na | J29: Na | L29: Na | N29: Na | P29: Na | R29: Na | T29: Na | V29: Na
B31: Prif fodd o gynhyrchu gwres presennol
C33: Prif ffynhonnell gwres presennol yn yr adeilad | D33: Dewiswch | F33: Dewiswch | H33: Dewiswch | J33: Dewiswch | L33: Dewiswch | N33: Dewiswch | P33: Dewiswch | R33: Dewiswch | T33: Dewiswch | V33: Dewiswch
C35: Math o danwydd presennol | D35: Dewiswch | F35: Dewiswch | H35: Dewiswch | J35: Dewiswch | L35: Dewiswch | N35: Dewiswch | P35: Dewiswch | R35: Dewiswch | T35: Dewiswch | V35: Dewiswch
C37: Oedran y prif offer (blynyddoedd)
C39: Capasiti yr hyn sydd wedi’i osod (gwres kW)
C41: Defnydd mewnbwn ynni blynyddol (kWh) | Y41: =SUM(D41:V41) -> 0
C43: Amcangyfrif o effeithlonrwydd cynhyrchu gwres presennol (%)
C45: Amcangyfrif o allbwn gwres blynyddol sydd ei angen (kWh) | D45: =IF(D43>0,D43*D41,"") | F45: =IF(F43>0,F43*F41,"") | H45: =IF(H43>0,H43*H41,"") | J45: =IF(J43>0,J43*J41,"") | L45: =IF(L43>0,L43*L41,"") | N45: =IF(N43>0,N43*N41,"") | P45: =IF(P43>0,P43*P41,"") | R45: =IF(R43>0,R43*R41,"") | T45: =IF(T43>0,T43*T41,"") | V45: =IF(V43>0,V43*V41,"") | Y45: =SUM(D45:V45) -> 0
C47: Allyriadau Carbon (kgCO2e) | D47: =D41*_xlfn.XLOOKUP(D35,Calculation_factors!$H$6:$H$13,Calculation_factors!$I$6:$I$13) -> #N/A | F47: =F41*_xlfn.XLOOKUP(F35,Calculation_factors!$H$6:$H$13,Calculation_factors!$I$6:$I$13) -> #N/A | H47: =H41*_xlfn.XLOOKUP(H35,Calculation_factors!$H$6:$H$13,Calculation_factors!$I$6:$I$13) -> #N/A | J47: =J41*_xlfn.XLOOKUP(J35,Calculation_factors!$H$6:$H$13,Calculation_factors!$I$6:$I$13) -> #N/A | L47: =L41*_xlfn.XLOOKUP(L35,Calculation_factors!$H$6:$H$13,Calculation_factors!$I$6:$I$13) -> #N/A | N47: =N41*_xlfn.XLOOKUP(N35,Calculation_factors!$H$6:$H$13,Calculation_factors!$I$6:$I$13) -> #N/A | P47: =P41*_xlfn.XLOOKUP(P35,Calculation_factors!$H$6:$H$13,Calculation_factors!$I$6:$I$13) -> #N/A | R47: =R41*_xlfn.XLOOKUP(R35,Calculation_factors!$H$6:$H$13,Calculation_factors!$I$6:$I$13) -> #N/A | T47: =T41*_xlfn.XLOOKUP(T35,Calculation_factors!$H$6:$H$13,Calculation_factors!$I$6:$I$13) -> #N/A | V47: =V41*_xlfn.XLOOKUP(V35,Calculation_factors!$H$6:$H$13,Calculation_factors!$I$6:$I$13) -> #N/A
C49: Allyriadau Carbon Gydol Oes (kgCO2e) | D49: =D41*_xlfn.XLOOKUP(D35,Calculation_factors!$E$6:$E$13,Calculation_factors!$F$6:$F$13) -> #N/A | F49: =F41*_xlfn.XLOOKUP(F35,Calculation_factors!$E$6:$E$13,Calculation_factors!$F$6:$F$13) -> #N/A | H49: =H41*_xlfn.XLOOKUP(H35,Calculation_factors!$E$6:$E$13,Calculation_factors!$F$6:$F$13) -> #N/A | J49: =J41*_xlfn.XLOOKUP(J35,Calculation_factors!$E$6:$E$13,Calculation_factors!$F$6:$F$13) -> #N/A | L49: =L41*_xlfn.XLOOKUP(L35,Calculation_factors!$E$6:$E$13,Calculation_factors!$F$6:$F$13) -> #N/A | N49: =N41*_xlfn.XLOOKUP(N35,Calculation_factors!$E$6:$E$13,Calculation_factors!$F$6:$F$13) -> #N/A | P49: =P41*_xlfn.XLOOKUP(P35,Calculation_factors!$E$6:$E$13,Calculation_factors!$F$6:$F$13) -> #N/A | R49: =R41*_xlfn.XLOOKUP(R35,Calculation_factors!$E$6:$E$13,Calculation_factors!$F$6:$F$13) -> #N/A | T49: =T41*_xlfn.XLOOKUP(T35,Calculation_factors!$E$6:$E$13,Calculation_factors!$F$6:$F$13) -> #N/A | V49: =V41*_xlfn.XLOOKUP(V35,Calculation_factors!$E$6:$E$13,Calculation_factors!$F$6:$F$13) -> #N/A
B51: Cynhyrchu gwres eilaidd
C53: Math o ddefnydd ar gyfer gwres | D53: Dewiswch | F53: Dewiswch | H53: Dewiswch | J53: Dewiswch | L53: Dewiswch | N53: Dewiswch | P53: Dewiswch | R53: Dewiswch | T53: Dewiswch | V53: Dewiswch
C55: Ffynhonnell gwres presennol | D55: Dewiswch | F55: Dewiswch | H55: Dewiswch | J55: Dewiswch | L55: Dewiswch | N55: Dewiswch | P55: Dewiswch | R55: Dewiswch | T55: Dewiswch | V55: Dewiswch
C57: Math o danwydd presennol | D57: Dewiswch | F57: Dewiswch | H57: Dewiswch | J57: Dewiswch | L57: Dewiswch | N57: Dewiswch | P57: Dewiswch | R57: Dewiswch | T57: Dewiswch | V57: Dewiswch
C59: Capasiti wedi’i osod (gwres kW)
C61: Defnydd mewnbwn ynni blynyddol (kWh) | Y61: =SUM(D61:V61) -> 0
C63: Amcangyfrif o effeithlonrwydd cynhyrchu gwres presennol (%)
C65: Amcangyfrif o allbwn gwres blynyddol sydd ei angen (kWh) | D65: =IF(D63>0,D63*D61,0) -> 0 | F65: =IF(F63>0,F63*F61,0) -> 0 | H65: =IF(H63>0,H63*H61,0) -> 0 | J65: =IF(J63>0,J63*J61,0) -> 0 | L65: =IF(L63>0,L63*L61,0) -> 0 | N65: =IF(N63>0,N63*N61,0) -> 0 | P65: =IF(P63>0,P63*P61,0) -> 0 | R65: =IF(R63>0,R63*R61,0) -> 0 | T65: =IF(T63>0,T63*T61,0) -> 0 | V65: =IF(V63>0,V63*V61,0) -> 0 | Y65: =SUM(D65:V65) -> 0
C67: Allyriadau Carbon (kgCO2e) | D67: =D61*_xlfn.XLOOKUP(D57,Calculation_factors!$H$6:$H$13,Calculation_factors!$I$6:$I$13) -> #N/A | F67: =F61*_xlfn.XLOOKUP(F57,Calculation_factors!$H$6:$H$13,Calculation_factors!$I$6:$I$13) -> #N/A | H67: =H61*_xlfn.XLOOKUP(H57,Calculation_factors!$H$6:$H$13,Calculation_factors!$I$6:$I$13) -> #N/A | J67: =J61*_xlfn.XLOOKUP(J57,Calculation_factors!$H$6:$H$13,Calculation_factors!$I$6:$I$13) -> #N/A | L67: =L61*_xlfn.XLOOKUP(L57,Calculation_factors!$H$6:$H$13,Calculation_factors!$I$6:$I$13) -> #N/A | N67: =N61*_xlfn.XLOOKUP(N57,Calculation_factors!$H$6:$H$13,Calculation_factors!$I$6:$I$13) -> #N/A | P67: =P61*_xlfn.XLOOKUP(P57,Calculation_factors!$H$6:$H$13,Calculation_factors!$I$6:$I$13) -> #N/A | R67: =R61*_xlfn.XLOOKUP(R57,Calculation_factors!$H$6:$H$13,Calculation_factors!$I$6:$I$13) -> #N/A | T67: =T61*_xlfn.XLOOKUP(T57,Calculation_factors!$H$6:$H$13,Calculation_factors!$I$6:$I$13) -> #N/A | V67: =V61*_xlfn.XLOOKUP(V57,Calculation_factors!$H$6:$H$13,Calculation_factors!$I$6:$I$13) -> #N/A
C69: Allyriadau Carbon Gydol Oes (kgCO2e) | D69: =D61*_xlfn.XLOOKUP(D57,Calculation_factors!$E$6:$E$13,Calculation_factors!$F$6:$F$13) -> #N/A | F69: =F61*_xlfn.XLOOKUP(F57,Calculation_factors!$E$6:$E$13,Calculation_factors!$F$6:$F$13) -> #N/A | H69: =H61*_xlfn.XLOOKUP(H57,Calculation_factors!$E$6:$E$13,Calculation_factors!$F$6:$F$13) -> #N/A | J69: =J61*_xlfn.XLOOKUP(J57,Calculation_factors!$E$6:$E$13,Calculation_factors!$F$6:$F$13) -> #N/A | L69: =L61*_xlfn.XLOOKUP(L57,Calculation_factors!$E$6:$E$13,Calculation_factors!$F$6:$F$13) -> #N/A | N69: =N61*_xlfn.XLOOKUP(N57,Calculation_factors!$E$6:$E$13,Calculation_factors!$F$6:$F$13) -> #N/A | P69: =P61*_xlfn.XLOOKUP(P57,Calculation_factors!$E$6:$E$13,Calculation_factors!$F$6:$F$13) -> #N/A | R69: =R61*_xlfn.XLOOKUP(R57,Calculation_factors!$E$6:$E$13,Calculation_factors!$F$6:$F$13) -> #N/A | T69: =T61*_xlfn.XLOOKUP(T57,Calculation_factors!$E$6:$E$13,Calculation_factors!$F$6:$F$13) -> #N/A | V69: =V61*_xlfn.XLOOKUP(V57,Calculation_factors!$E$6:$E$13,Calculation_factors!$F$6:$F$13) -> #N/A
B71: Cynhyrchu gwres pellach
C73: Math o ddefnydd ar gyfer gwres | D73: Dewiswch | F73: Dewiswch | H73: Dewiswch | J73: Dewiswch | L73: Dewiswch | N73: Dewiswch | P73: Dewiswch | R73: Dewiswch | T73: Dewiswch | V73: Dewiswch
C75: Ffynhonnell gwres presennol | D75: Dewiswch | F75: Dewiswch | H75: Dewiswch | J75: Dewiswch | L75: Dewiswch | N75: Dewiswch | P75: Dewiswch | R75: Dewiswch | T75: Dewiswch | V75: Dewiswch
C77: Math o danwydd presennol | D77: Dewiswch | F77: Dewiswch | H77: Dewiswch | J77: Dewiswch | L77: Dewiswch | N77: Dewiswch | P77: Dewiswch | R77: Dewiswch | T77: Dewiswch | V77: Dewiswch
C79: Capasiti wedi’i osod (gwres kW)
C81: Defnydd mewnbwn ynni blynyddol (kWh) | Y81: =SUM(D81:V81) -> 0
C83: Amcangyfrif o effeithlonrwydd cynhyrchu gwres presennol(%)
C85: Amcangyfrif o allbwn gwres blynyddol sydd ei angen (kWh) | D85: =IF(D83>0,D83*D81,0) -> 0 | F85: =IF(F83>0,F83*F81,0) -> 0 | H85: =IF(H83>0,H83*H81,0) -> 0 | J85: =IF(J83>0,J83*J81,0) -> 0 | L85: =IF(L83>0,L83*L81,0) -> 0 | N85: =IF(N83>0,N83*N81,0) -> 0 | P85: =IF(P83>0,P83*P81,0) -> 0 | R85: =IF(R83>0,R83*R81,0) -> 0 | T85: =IF(T83>0,T83*T81,0) -> 0 | V85: =IF(V83>0,V83*V81,0) -> 0 | Y85: =SUM(D85:V85) -> 0
C87: Allyriadau Carbon (kgCO2e) | D87: =D81*_xlfn.XLOOKUP(D77,Calculation_factors!$H$6:$H$13,Calculation_factors!$I$6:$I$13) -> #N/A | F87: =F81*_xlfn.XLOOKUP(F77,Calculation_factors!$H$6:$H$13,Calculation_factors!$I$6:$I$13) -> #N/A | H87: =H81*_xlfn.XLOOKUP(H77,Calculation_factors!$H$6:$H$13,Calculation_factors!$I$6:$I$13) -> #N/A | J87: =J81*_xlfn.XLOOKUP(J77,Calculation_factors!$H$6:$H$13,Calculation_factors!$I$6:$I$13) -> #N/A | L87: =L81*_xlfn.XLOOKUP(L77,Calculation_factors!$H$6:$H$13,Calculation_factors!$I$6:$I$13) -> #N/A | N87: =N81*_xlfn.XLOOKUP(N77,Calculation_factors!$H$6:$H$13,Calculation_factors!$I$6:$I$13) -> #N/A | P87: =P81*_xlfn.XLOOKUP(P77,Calculation_factors!$H$6:$H$13,Calculation_factors!$I$6:$I$13) -> #N/A | R87: =R81*_xlfn.XLOOKUP(R77,Calculation_factors!$H$6:$H$13,Calculation_factors!$I$6:$I$13) -> #N/A | T87: =T81*_xlfn.XLOOKUP(T77,Calculation_factors!$H$6:$H$13,Calculation_factors!$I$6:$I$13) -> #N/A | V87: =V81*_xlfn.XLOOKUP(V77,Calculation_factors!$H$6:$H$13,Calculation_factors!$I$6:$I$13) -> #N/A
C89: Allyriadau Carbon Gydol Oes (kgCO2e) | D89: =D81*_xlfn.XLOOKUP(D77,Calculation_factors!$E$6:$E$13,Calculation_factors!$F$6:$F$13) -> #N/A | F89: =F81*_xlfn.XLOOKUP(F77,Calculation_factors!$E$6:$E$13,Calculation_factors!$F$6:$F$13) -> #N/A | H89: =H81*_xlfn.XLOOKUP(H77,Calculation_factors!$E$6:$E$13,Calculation_factors!$F$6:$F$13) -> #N/A | J89: =J81*_xlfn.XLOOKUP(J77,Calculation_factors!$E$6:$E$13,Calculation_factors!$F$6:$F$13) -> #N/A | L89: =L81*_xlfn.XLOOKUP(L77,Calculation_factors!$E$6:$E$13,Calculation_factors!$F$6:$F$13) -> #N/A | N89: =N81*_xlfn.XLOOKUP(N77,Calculation_factors!$E$6:$E$13,Calculation_factors!$F$6:$F$13) -> #N/A | P89: =P81*_xlfn.XLOOKUP(P77,Calculation_factors!$E$6:$E$13,Calculation_factors!$F$6:$F$13) -> #N/A | R89: =R81*_xlfn.XLOOKUP(R77,Calculation_factors!$E$6:$E$13,Calculation_factors!$F$6:$F$13) -> #N/A | T89: =T81*_xlfn.XLOOKUP(T77,Calculation_factors!$E$6:$E$13,Calculation_factors!$F$6:$F$13) -> #N/A | V89: =V81*_xlfn.XLOOKUP(V77,Calculation_factors!$E$6:$E$13,Calculation_factors!$F$6:$F$13) -> #N/A
B92: Crynodeb o'r modd o gynhyrchu gwres presennol
C94: Cyfanswm allbwn gwres blynyddol sydd ei angen (kWh) | D94: =IFERROR(IF(D85+D65+D45>0,D85+D65+D45,""),"") | F94: =IFERROR(IF(F85+F65+F45>0,F85+F65+F45,""),"") | H94: =IFERROR(IF(H85+H65+H45>0,H85+H65+H45,""),"") | J94: =IFERROR(IF(J85+J65+J45>0,J85+J65+J45,""),"") | L94: =IFERROR(IF(L85+L65+L45>0,L85+L65+L45,""),"") | N94: =IFERROR(IF(N85+N65+N45>0,N85+N65+N45,""),"") | P94: =IFERROR(IF(P85+P65+P45>0,P85+P65+P45,""),"") | R94: =IFERROR(IF(R85+R65+R45>0,R85+R65+R45,""),"") | T94: =IFERROR(IF(T85+T65+T45>0,T85+T65+T45,""),"") | V94: =IFERROR(IF(V85+V65+V45>0,V85+V65+V45,""),"") | Y94: =SUM(D94:V94) -> 0
C96: Allyriadau Carbon (kgCO2e) | D96: =SUM(D87,D67,D47) -> #N/A | F96: =SUM(F87,F67,F47) -> #N/A | H96: =SUM(H87,H67,H47) -> #N/A | J96: =SUM(J87,J67,J47) -> #N/A | L96: =SUM(L87,L67,L47) -> #N/A | N96: =SUM(N87,N67,N47) -> #N/A | P96: =SUM(P87,P67,P47) -> #N/A | R96: =SUM(R87,R67,R47) -> #N/A | T96: =SUM(T87,T67,T47) -> #N/A | V96: =SUM(V87,V67,V47) -> #N/A
C98: Allyriadau Carbon Oes (kgCO2e) | D98: =SUM(D89,D69,D49) -> #N/A | F98: =SUM(F89,F69,F49) -> #N/A | H98: =SUM(H89,H69,H49) -> #N/A | J98: =SUM(J89,J69,J49) -> #N/A | L98: =SUM(L89,L69,L49) -> #N/A | N98: =SUM(N89,N69,N49) -> #N/A | P98: =SUM(P89,P69,P49) -> #N/A | R98: =SUM(R89,R69,R49) -> #N/A | T98: =SUM(T89,T69,T49) -> #N/A | V98: =SUM(V89,V69,V49) -> #N/A
C100: Canran o’r gwres a wasanaethir gan y prif gynhyrchydd gwres | D100: =IFERROR(D45/D94,"") | F100: =IFERROR(F45/F94,"") | H100: =IFERROR(H45/H94,"") | J100: =IFERROR(J45/J94,"") | L100: =IFERROR(L45/L94,"") | N100: =IFERROR(N45/N94,"") | P100: =IFERROR(P45/P94,"") | R100: =IFERROR(R45/R94,"") | T100: =IFERROR(T45/T94,"") | V100: =IFERROR(V45/V94,"")
C101: Canran o’r gwres a wasanaethir gan gynhyrchydd gwres eilaidd | D101: =IFERROR(D65/D94,"") | F101: =IFERROR(F65/F94,"") | H101: =IFERROR(H65/H94,"") | J101: =IFERROR(J65/J94,"") | L101: =IFERROR(L65/L94,"") | N101: =IFERROR(N65/N94,"") | P101: =IFERROR(P65/P94,"") | R101: =IFERROR(R65/R94,"") | T101: =IFERROR(T65/T94,"") | V101: =IFERROR(V65/V94,"")
C102: Canran o’r gwres a wasanaethir gan gynhyrchydd gwres pellach | D102: =IFERROR(D85/D94,"") | F102: =IFERROR(F85/F94,"") | H102: =IFERROR(H85/H94,"") | J102: =IFERROR(J85/J94,"") | L102: =IFERROR(L85/L94,"") | N102: =IFERROR(N85/N94,"") | P102: =IFERROR(P85/P94,"") | R102: =IFERROR(R85/R94,"") | T102: =IFERROR(T85/T94,"") | V102: =IFERROR(V85/V94,"")
C104: Cyfanswm y capasiti wedi'i osod (gwres kW) | D104: =IF(D79+D59+D39>0,D79+D59+D39,"") | F104: =IF(F79+F59+F39>0,F79+F59+F39,"") | H104: =IF(H79+H59+H39>0,H79+H59+H39,"") | J104: =IF(J79+J59+J39>0,J79+J59+J39,"") | L104: =IF(L79+L59+L39>0,L79+L59+L39,"") | N104: =IF(N79+N59+N39>0,N79+N59+N39,"") | P104: =IF(P79+P59+P39>0,P79+P59+P39,"") | R104: =IF(R79+R59+R39>0,R79+R59+R39,"") | T104: =IF(T79+T59+T39>0,T79+T59+T39,"") | V104: =IF(V79+V59+V39>0,V79+V59+V39,"") | Y104: =SUM(D104:V104) -> 0
C106: Sylwadau Ychwanegol (dewisol):
B108: 2.3 Mmesurau galluogi ac effeithlonrwydd ynni
B110: Tymereddau
C111: Nodwch tymheredd y cynllun ar gyfer y prosiect:
C112: Tymheredd llif allbwn gwresogi
C114: Tymheredd dŵr poeth domestig
B116: Galluogi Mesurau
C117: Nodwch os yw'r mesurau canlynol wedi'u cynnwys yn eich prosiect:
C118: Amnewid rheiddiaduron | D118: Dewiswch | F118: Dewiswch | H118: Dewiswch | J118: Dewiswch | L118: Dewiswch | N118: Dewiswch | P118: Dewiswch | R118: Dewiswch | T118: Dewiswch | V118: Dewiswch
C120: Amnewid coiliau gwresogi Unedau Trin Aer (AHU) | D120: Dewiswch | F120: Dewiswch | H120: Dewiswch | J120: Dewiswch | L120: Dewiswch | N120: Dewiswch | P120: Dewiswch | R120: Dewiswch | T120: Dewiswch | V120: Dewiswch
C122: Uwchraddio cylched gwresogi | D122: Dewiswch | F122: Dewiswch | H122: Dewiswch | J122: Dewiswch | L122: Dewiswch | N122: Dewiswch | P122: Dewiswch | R122: Dewiswch | T122: Dewiswch | V122: Dewiswch
C124: System rheoli batri (BMS) a rheolaethau | D124: Dewiswch | F124: Dewiswch | H124: Dewiswch | J124: Dewiswch | L124: Dewiswch | N124: Dewiswch | P124: Dewiswch | R124: Dewiswch | T124: Dewiswch | V124: Dewiswch
C126: Arall (nodwch):
C128: A fydd eich mesurau galluogi yn lleihau eich galw gwres brig? Os bydd, faint yw'r gostyngiad(kW)? Os na, gadewch yn wag. Os nad ydych yn siŵr, gadewch yn wag.
C130: Capasiti gwres newydd sydd ei angen (gwres kW) [petrus] | D130: =IFERROR(D104-D128,"") | F130: =IFERROR(F104-F128,"") | H130: =IFERROR(H104-H128,"") | J130: =IFERROR(J104-J128,"") | L130: =IFERROR(L104-L128,"") | N130: =IFERROR(N104-N128,"") | P130: =IFERROR(P104-P128,"") | R130: =IFERROR(R104-R128,"") | T130: =IFERROR(T104-T128,"") | V130: =IFERROR(V104-V128,"")
B132: Effeithlonrwydd Ynni
C133: Nodwch os yw'r mesurau canlynol wedi'u cynnwys yn eich prosiect:
C134: Inswleiddio'r llofft | D134: Dewiswch | F134: Dewiswch | H134: Dewiswch | J134: Dewiswch | L134: Dewiswch | N134: Dewiswch | P134: Dewiswch | R134: Dewiswch | T134: Dewiswch | V134: Dewiswch
C136: Inswleiddio wal ceudod (lle bo'n addas) | D136: Dewiswch | F136: Dewiswch | H136: Dewiswch | J136: Dewiswch | L136: Dewiswch | N136: Dewiswch | P136: Dewiswch | R136: Dewiswch | T136: Dewiswch | V136: Dewiswch
C138: Atal drafftiau ffenestr / drws | D138: Dewiswch | F138: Dewiswch | H138: Dewiswch | J138: Dewiswch | L138: Dewiswch | N138: Dewiswch | P138: Dewiswch | R138: Dewiswch | T138: Dewiswch | V138: Dewiswch
C140: Arall (nodwch):
C142: Amlinellwch sut y byddwch yn cymryd ymagwedd adeilad cyfan at y prosiect
C144: Beth yw'r arbedion gwres wedi'u cyfrifo o'r mesurau hyn? allbwn kWh y flwyddyn
C146: Allbwn gwres newydd fesul blwyddyn i wasanaethu (kWh y flwyddyn) | D146: =IFERROR(D94-D144,"") | F146: =IFERROR(F94-F144,"") | H146: =IFERROR(H94-H144,"") | J146: =IFERROR(J94-J144,"") | L146: =IFERROR(L94-L144,"") | N146: =IFERROR(N94-N144,"") | P146: =IFERROR(P94-P144,"") | R146: =IFERROR(R94-R144,"") | T146: =IFERROR(T94-T144,"") | V146: =IFERROR(V94-V144,"")
B149: 2.4 Technoleg Gwres a Defnydd Gwres y Prosiect
C151: A oes angen cynhyrchu gwres ychwanegol ar gyfer gwresogi? h.y. os na all y pwmp gwres ddarparu'r llwyth llawn | D151: Na | F151: Na | H151: Na | J151: Na | L151: Na | N151: Na | P151: Na | R151: Na | T151: Na | V151: Na
C153: A oes angen cynhyrchu gwres pellach ar gyfer dŵr poeth domestig neu ddefnydd gwres arall? | D153: Na | F153: Na | H153: Na | J153: Na | L153: Na | N153: Na | P153: Na | R153: Na | T153: Na | V153: Na
B155: Prif fodd o gynhyrchu gwres carbon isel cynradd
C157: Prif fath o dechnoleg cynhyrchu gwres carbon isel | D157: Dewiswch | F157: Dewiswch | H157: Dewiswch | J157: Dewiswch | L157: Dewiswch | N157: Dewiswch | P157: Dewiswch | R157: Dewiswch | T157: Dewiswch | V157: Dewiswch
C159: Math o danwydd | D159: =IFERROR(INDEX(Calculation_factors!$C$5:$C$15,MATCH('2. Manylion Prosiect'!D157,Calculation_factors!$B$5:$B$15,0),1),"") | F159: =IFERROR(INDEX(Calculation_factors!$C$5:$C$15,MATCH('2. Manylion Prosiect'!F157,Calculation_factors!$B$5:$B$15,0),1),"") | H159: =IFERROR(INDEX(Calculation_factors!$C$5:$C$15,MATCH('2. Manylion Prosiect'!H157,Calculation_factors!$B$5:$B$15,0),1),"") | J159: =IFERROR(INDEX(Calculation_factors!$C$5:$C$15,MATCH('2. Manylion Prosiect'!J157,Calculation_factors!$B$5:$B$15,0),1),"") | L159: =IFERROR(INDEX(Calculation_factors!$C$5:$C$15,MATCH('2. Manylion Prosiect'!L157,Calculation_factors!$B$5:$B$15,0),1),"") | N159: =IFERROR(INDEX(Calculation_factors!$C$5:$C$15,MATCH('2. Manylion Prosiect'!N157,Calculation_factors!$B$5:$B$15,0),1),"") | P159: =IFERROR(INDEX(Calculation_factors!$C$5:$C$15,MATCH('2. Manylion Prosiect'!P157,Calculation_factors!$B$5:$B$15,0),1),"") | R159: =IFERROR(INDEX(Calculation_factors!$C$5:$C$15,MATCH('2. Manylion Prosiect'!R157,Calculation_factors!$B$5:$B$15,0),1),"") | T159: =IFERROR(INDEX(Calculation_factors!$C$5:$C$15,MATCH('2. Manylion Prosiect'!T157,Calculation_factors!$B$5:$B$15,0),1),"") | V159: =IFERROR(INDEX(Calculation_factors!$C$5:$C$15,MATCH('2. Manylion Prosiect'!V157,Calculation_factors!$B$5:$B$15,0),1),"")
C161: Capasiti wedi'i osod (gwres kW) | Y161: =SUM(D161:V161) -> 0
C163: Mewnbwn defnydd ynni blynyddol (kWh) | Y163: =SUM(D163:V163) -> 0
C165: Allbwn gwres blynyddol a gyflenwir (kWh) | Y165: =SUM(D165:V165) -> 0
C167: Cyfernod Tymhorol Disgwyliedig o Berfformiad / Effeithlonrwydd | D167: =IFERROR(D165/D163,"") | F167: =IFERROR(F165/F163,"") | H167: =IFERROR(H165/H163,"") | J167: =IFERROR(J165/J163,"") | L167: =IFERROR(L165/L163,"") | N167: =IFERROR(N165/N163,"") | P167: =IFERROR(P165/P163,"") | R167: =IFERROR(R165/R163,"") | T167: =IFERROR(T165/T163,"") | V167: =IFERROR(V165/V163,"")
C169: Allyriadau Carbon kg CO2e | D169: =D163*_xlfn.XLOOKUP(D159,Calculation_factors!$H$6:$H$13,Calculation_factors!$I$6:$I$13) -> #N/A | F169: =F163*_xlfn.XLOOKUP(F159,Calculation_factors!$H$6:$H$13,Calculation_factors!$I$6:$I$13) -> #N/A | H169: =H163*_xlfn.XLOOKUP(H159,Calculation_factors!$H$6:$H$13,Calculation_factors!$I$6:$I$13) -> #N/A | J169: =J163*_xlfn.XLOOKUP(J159,Calculation_factors!$H$6:$H$13,Calculation_factors!$I$6:$I$13) -> #N/A | L169: =L163*_xlfn.XLOOKUP(L159,Calculation_factors!$H$6:$H$13,Calculation_factors!$I$6:$I$13) -> #N/A | N169: =N163*_xlfn.XLOOKUP(N159,Calculation_factors!$H$6:$H$13,Calculation_factors!$I$6:$I$13) -> #N/A | P169: =P163*_xlfn.XLOOKUP(P159,Calculation_factors!$H$6:$H$13,Calculation_factors!$I$6:$I$13) -> #N/A | R169: =R163*_xlfn.XLOOKUP(R159,Calculation_factors!$H$6:$H$13,Calculation_factors!$I$6:$I$13) -> #N/A | T169: =T163*_xlfn.XLOOKUP(T159,Calculation_factors!$H$6:$H$13,Calculation_factors!$I$6:$I$13) -> #N/A | V169: =V163*_xlfn.XLOOKUP(V159,Calculation_factors!$H$6:$H$13,Calculation_factors!$I$6:$I$13) -> #N/A
C171: Allyriadau Carbon Gydol Oes (kg CO2e) | D171: =D163*_xlfn.XLOOKUP(D159,Calculation_factors!$E$6:$E$13,Calculation_factors!$F$6:$F$13) -> #N/A | F171: =F163*_xlfn.XLOOKUP(F159,Calculation_factors!$E$6:$E$13,Calculation_factors!$F$6:$F$13) -> #N/A | H171: =H163*_xlfn.XLOOKUP(H159,Calculation_factors!$E$6:$E$13,Calculation_factors!$F$6:$F$13) -> #N/A | J171: =J163*_xlfn.XLOOKUP(J159,Calculation_factors!$E$6:$E$13,Calculation_factors!$F$6:$F$13) -> #N/A | L171: =L163*_xlfn.XLOOKUP(L159,Calculation_factors!$E$6:$E$13,Calculation_factors!$F$6:$F$13) -> #N/A | N171: =N163*_xlfn.XLOOKUP(N159,Calculation_factors!$E$6:$E$13,Calculation_factors!$F$6:$F$13) -> #N/A | P171: =P163*_xlfn.XLOOKUP(P159,Calculation_factors!$E$6:$E$13,Calculation_factors!$F$6:$F$13) -> #N/A | R171: =R163*_xlfn.XLOOKUP(R159,Calculation_factors!$E$6:$E$13,Calculation_factors!$F$6:$F$13) -> #N/A | T171: =T163*_xlfn.XLOOKUP(T159,Calculation_factors!$E$6:$E$13,Calculation_factors!$F$6:$F$13) -> #N/A | V171: =V163*_xlfn.XLOOKUP(V159,Calculation_factors!$E$6:$E$13,Calculation_factors!$F$6:$F$13) -> #N/A
B173: Cynhyrchu gwres carbon isel eilaidd
C175: Math o ddefnydd ar gyfer gwres | D175: Dewiswch | F175: Dewiswch | H175: Dewiswch | J175: Dewiswch | L175: Dewiswch | N175: Dewiswch | P175: Dewiswch | R175: Dewiswch | T175: Dewiswch | V175: Dewiswch
C177: Math o dechnoleg cynhyrchu gwres | D177: Dewiswch | F177: Dewiswch | H177: Dewiswch | J177: Dewiswch | L177: Dewiswch | N177: Dewiswch | P177: Dewiswch | R177: Dewiswch | T177: Dewiswch | V177: Dewiswch
C179: Math o danwydd | D179: =IFERROR(INDEX(Calculation_factors!$C$5:$C$15,MATCH('2. Manylion Prosiect'!D177,Calculation_factors!$B$5:$B$15,0),1),"") | F179: =IFERROR(INDEX(Calculation_factors!$C$5:$C$15,MATCH('2. Manylion Prosiect'!F177,Calculation_factors!$B$5:$B$15,0),1),"") | H179: =IFERROR(INDEX(Calculation_factors!$C$5:$C$15,MATCH('2. Manylion Prosiect'!H177,Calculation_factors!$B$5:$B$15,0),1),"") | J179: =IFERROR(INDEX(Calculation_factors!$C$5:$C$15,MATCH('2. Manylion Prosiect'!J177,Calculation_factors!$B$5:$B$15,0),1),"") | L179: =IFERROR(INDEX(Calculation_factors!$C$5:$C$15,MATCH('2. Manylion Prosiect'!L177,Calculation_factors!$B$5:$B$15,0),1),"") | N179: =IFERROR(INDEX(Calculation_factors!$C$5:$C$15,MATCH('2. Manylion Prosiect'!N177,Calculation_factors!$B$5:$B$15,0),1),"") | P179: =IFERROR(INDEX(Calculation_factors!$C$5:$C$15,MATCH('2. Manylion Prosiect'!P177,Calculation_factors!$B$5:$B$15,0),1),"") | R179: =IFERROR(INDEX(Calculation_factors!$C$5:$C$15,MATCH('2. Manylion Prosiect'!R177,Calculation_factors!$B$5:$B$15,0),1),"") | T179: =IFERROR(INDEX(Calculation_factors!$C$5:$C$15,MATCH('2. Manylion Prosiect'!T177,Calculation_factors!$B$5:$B$15,0),1),"") | V179: =IFERROR(INDEX(Calculation_factors!$C$5:$C$15,MATCH('2. Manylion Prosiect'!V177,Calculation_factors!$B$5:$B$15,0),1),"")
C181: Capasiti wedi'i osod (gwres kW) | Y181: =SUM(D181:V181) -> 0
C183: Mewnbwn defnydd ynni blynyddol (kWh) | Y183: =SUM(D183:V183) -> 0
C185: Allbwn gwres blynyddol a gyflenwir (kWh) | Y185: =SUM(D185:V185) -> 0
C187: Cyfernod Tymhorol Disgwyliedig o Berfformiad / Effeithlonrwydd | D187: =IFERROR(D185/D183,"") | F187: =IFERROR(F185/F183,"") | H187: =IFERROR(H185/H183,"") | J187: =IFERROR(J185/J183,"") | L187: =IFERROR(L185/L183,"") | N187: =IFERROR(N185/N183,"") | P187: =IFERROR(P185/P183,"") | R187: =IFERROR(R185/R183,"") | T187: =IFERROR(T185/T183,"") | V187: =IFERROR(V185/V183,"")
C189: Allyriadau Carbon kg CO2e | D189: =D183*_xlfn.XLOOKUP(D179,Calculation_factors!$H$6:$H$13,Calculation_factors!$I$6:$I$13) -> #N/A | F189: =F183*_xlfn.XLOOKUP(F179,Calculation_factors!$H$6:$H$13,Calculation_factors!$I$6:$I$13) -> #N/A | H189: =H183*_xlfn.XLOOKUP(H179,Calculation_factors!$H$6:$H$13,Calculation_factors!$I$6:$I$13) -> #N/A | J189: =J183*_xlfn.XLOOKUP(J179,Calculation_factors!$H$6:$H$13,Calculation_factors!$I$6:$I$13) -> #N/A | L189: =L183*_xlfn.XLOOKUP(L179,Calculation_factors!$H$6:$H$13,Calculation_factors!$I$6:$I$13) -> #N/A | N189: =N183*_xlfn.XLOOKUP(N179,Calculation_factors!$H$6:$H$13,Calculation_factors!$I$6:$I$13) -> #N/A | P189: =P183*_xlfn.XLOOKUP(P179,Calculation_factors!$H$6:$H$13,Calculation_factors!$I$6:$I$13) -> #N/A | R189: =R183*_xlfn.XLOOKUP(R179,Calculation_factors!$H$6:$H$13,Calculation_factors!$I$6:$I$13) -> #N/A | T189: =T183*_xlfn.XLOOKUP(T179,Calculation_factors!$H$6:$H$13,Calculation_factors!$I$6:$I$13) -> #N/A | V189: =V183*_xlfn.XLOOKUP(V179,Calculation_factors!$H$6:$H$13,Calculation_factors!$I$6:$I$13) -> #N/A
C191: Allyriadau Carbon Gydol Oes (kg CO2e) | D191: =D183*_xlfn.XLOOKUP(D179,Calculation_factors!$E$6:$E$13,Calculation_factors!$F$6:$F$13) -> #N/A | F191: =F183*_xlfn.XLOOKUP(F179,Calculation_factors!$E$6:$E$13,Calculation_factors!$F$6:$F$13) -> #N/A | H191: =H183*_xlfn.XLOOKUP(H179,Calculation_factors!$E$6:$E$13,Calculation_factors!$F$6:$F$13) -> #N/A | J191: =J183*_xlfn.XLOOKUP(J179,Calculation_factors!$E$6:$E$13,Calculation_factors!$F$6:$F$13) -> #N/A | L191: =L183*_xlfn.XLOOKUP(L179,Calculation_factors!$E$6:$E$13,Calculation_factors!$F$6:$F$13) -> #N/A | N191: =N183*_xlfn.XLOOKUP(N179,Calculation_factors!$E$6:$E$13,Calculation_factors!$F$6:$F$13) -> #N/A | P191: =P183*_xlfn.XLOOKUP(P179,Calculation_factors!$E$6:$E$13,Calculation_factors!$F$6:$F$13) -> #N/A | R191: =R183*_xlfn.XLOOKUP(R179,Calculation_factors!$E$6:$E$13,Calculation_factors!$F$6:$F$13) -> #N/A | T191: =T183*_xlfn.XLOOKUP(T179,Calculation_factors!$E$6:$E$13,Calculation_factors!$F$6:$F$13) -> #N/A | V191: =V183*_xlfn.XLOOKUP(V179,Calculation_factors!$E$6:$E$13,Calculation_factors!$F$6:$F$13) -> #N/A
...

Sheet 3. Manylion Costau Cymwys
C2: 3. COSTAU PROSIECT CYMWYS
C3: =IF('1. Manylion Ymgeisydd'!E15="Dewiswch","Rhifwch y nifer o adeiladau yn dalen 1. Manylion Ymgeisydd","") -> Rhifwch y nifer o adeiladau yn dalen 1. Manylion Ymgeisydd
B4: 3.1 Manylion Cost Prosiect - SYLWER NA DDYLAI COSTAU GYNNWYS UNRHYW T.A.W. Y GELLIR EI ADENNILL | I4: Cyfanswm | K4: ADEILAD UN | M4: ADEILAD DAU | O4: ADEILAD TRI | Q4: ADEILAD PEDWAR | S4: ADEILAD PUMP | U4: ADEILAD CHWECH | W4: ADEILAD SAITH | Y4: ADEILAD WYTH | AA4: ADEILAD NAW | AC4: ADEILAD DEG
K5: =IF(ISBLANK('2. Manylion Prosiect'!D$6),"",'2. Manylion Prosiect'!D$6) | L5: =IF(ISBLANK('2. Manylion Prosiect'!E$6),"",'2. Manylion Prosiect'!E$6) | M5: =IF(ISBLANK('2. Manylion Prosiect'!F$6),"",'2. Manylion Prosiect'!F$6) | N5: =IF(ISBLANK('2. Manylion Prosiect'!G$6),"",'2. Manylion Prosiect'!G$6) | O5: =IF(ISBLANK('2. Manylion Prosiect'!H$6),"",'2. Manylion Prosiect'!H$6) | P5: =IF(ISBLANK('2. Manylion Prosiect'!I$6),"",'2. Manylion Prosiect'!I$6) | Q5: =IF(ISBLANK('2. Manylion Prosiect'!J$6),"",'2. Manylion Prosiect'!J$6) | R5: =IF(ISBLANK('2. Manylion Prosiect'!K$6),"",'2. Manylion Prosiect'!K$6) | ... AC5: =IF(ISBLANK('2. Manylion Prosiect'!V$6),"",'2. Manylion Prosiect'!V$6) | AF5: Total - TO BE HIDDEN
C7: Nodwch sefyllfa TAW eich sefydliad:
C8: (e.e. pa TAW y gellir ei adennill, a beth sydd ddim)
C13: Cynllun Terfynol a Rheoli Prosiectau (£) | I13: =SUM(K13:AC13) -> 0 | K13: 0 | M13: 0 | AF13: =SUM(K13,M13,O13,Q13,S13,U13,W13,Y13,AA13,AC13) -> 0
C14: % cyfanswm y gost | I14: =IFERROR(I13/I30,"") | K14: =IFERROR(K13/K30,"") | M14: =IFERROR(M13/M30,"") | O14: =IFERROR(O13/O30,"") | Q14: =IFERROR(Q13/Q30,"") | S14: =IFERROR(S13/S30,"") | U14: =IFERROR(U13/U30,"") | W14: =IFERROR(W13/W30,"") | Y14: =IFERROR(Y13/Y30,"") | AA14: =IFERROR(AA13/AA30,"") | AC14: =IFERROR(AC13/AC30,"") | AF14: =($AF13/$AF$30) -> #DIV/0!
C16: Costau Offer - Gorsaf Wres (£) | I16: =SUM(K16:AC16) -> 0 | K16: 0 | M16: 0 | AF16: =SUM(K16,M16,O16,Q16,S16,U16,W16,Y16,AA16,AC16) -> 0
C17: £/kW | I17: =IFERROR(I16/'2. Manylion Prosiect'!B224,"") | K17: =IFERROR(K16/'2. Manylion Prosiect'!D224,"") | M17: =IFERROR(M16/'2. Manylion Prosiect'!F224,"") | O17: =IFERROR(O16/'2. Manylion Prosiect'!H224,"") | Q17: =IFERROR(Q16/'2. Manylion Prosiect'!J224,"") | S17: =IFERROR(S16/'2. Manylion Prosiect'!L224,"") | U17: =IFERROR(U16/'2. Manylion Prosiect'!N224,"") | W17: =IFERROR(W16/'2. Manylion Prosiect'!P224,"") | Y17: =IFERROR(Y16/'2. Manylion Prosiect'!R224,"") | AA17: =IFERROR(AA16/'2. Manylion Prosiect'!T224,"") | AC17: =IFERROR(AC16/'2. Manylion Prosiect'!V224,"") | AF17: =SUM(K17,M17,O17,Q17,S17,U17,W17,Y17,AA17,AC17) -> 0
C18: % cyfanswm y gost | I18: =IFERROR(I16/I30,"") | K18: =IFERROR(K16/K30,"") | M18: =IFERROR(M16/M30,"") | O18: =IFERROR(O16/O30,"") | Q18: =IFERROR(Q16/Q30,"") | S18: =IFERROR(S16/S30,"") | U18: =IFERROR(U16/U30,"") | W18: =IFERROR(W16/W30,"") | Y18: =IFERROR(Y16/Y30,"") | AA18: =IFERROR(AA16/AA30,"") | AC18: =IFERROR(AC16/AC30,"") | AF18: =($AF16/$AF$30) -> #DIV/0!
C20: Costau Offer - Gwaith Gwneuthuriad a Galluogi (£) | I20: =SUM(K20:AC20) -> 0 | K20: 0 | M20: 0 | AF20: =SUM(K20,M20,O20,,Q20,S20,U20,W20,Y20,AA20,AC20) -> 0
C21: % cyfanswm y gost | I21: =IFERROR(I20/I30,"") | K21: =IFERROR(K20/K30,"") | M21: =IFERROR(M20/M30,"") | O21: =IFERROR(O20/O30,"") | Q21: =IFERROR(Q20/Q30,"") | S21: =IFERROR(S20/S30,"") | U21: =IFERROR(U20/U30,"") | W21: =IFERROR(W20/W30,"") | Y21: =IFERROR(Y20/Y30,"") | AA21: =IFERROR(AA20/AA30,"") | AC21: =IFERROR(AC20/AC30,"") | AF21: =($AF20/$AF$30) -> #DIV/0!
C23: Costau Gweithredwr Rhwydwaith Ardal (DNO) (£) | I23: =SUM(K23:AC23) -> 0 | K23: 0 | M23: 0 | AF23: =SUM(K23,M23,O23,,Q23,S23,U23,W23,Y23,AA23,AC23) -> 0
C24: % cyfanswm y gost | I24: =IFERROR(I23/I30,"") | K24: =IFERROR(K23/K30,"") | M24: =IFERROR(M23/M30,"") | O24: =IFERROR(O23/O30,"") | Q24: =IFERROR(Q23/Q30,"") | S24: =IFERROR(S23/S30,"") | U24: =IFERROR(U23/U30,"") | W24: =IFERROR(W23/W30,"") | Y24: =IFERROR(Y23/Y30,"") | AA24: =IFERROR(AA23/AA30,"") | AC24: =IFERROR(AC23/AC30,"") | AF24: =($AF23/$AF$30) -> #DIV/0!
C26: Costau Gosod a Chomisiynu(£) | I26: =SUM(K26:AC26) -> 0 | K26: 0 | M26: 0 | AF26: =SUM(K26,M26,O26,,Q26,S26,U26,W26,Y26,AA26,AC26) -> 0
C27: % cyfanswm y gost | I27: =IFERROR(I26/I30,"") | K27: =IFERROR(K26/K30,"") | M27: =IFERROR(M26/M30,"") | O27: =IFERROR(O26/O30,"") | Q27: =IFERROR(Q26/Q30,"") | S27: =IFERROR(S26/S30,"") | U27: =IFERROR(U26/U30,"") | W27: =IFERROR(W26/W30,"") | Y27: =IFERROR(Y26/Y30,"") | AA27: =IFERROR(AA26/AA30,"") | AC27: =IFERROR(AC26/AC30,"") | AF27: =($AF26/$AF$30) -> #DIV/0!
C30: Cyfanswm Costau'r Prosiect (£) | I30: =SUM(K30:AC30) -> 0 | K30: =SUM(K13,K16,K20,K23,K26) -> 0 | M30: =SUM(M13,M16,M20,M23,M26) -> 0 | O30: =SUM(O13,O16,O20,O23,O26) -> 0 | Q30: =SUM(Q13,Q16,Q20,Q23,Q26) -> 0 | S30: =SUM(S13,S16,S20,S23,S26) -> 0 | U30: =SUM(U13,U16,U20,U23,U26) -> 0 | W30: =SUM(W13,W16,W20,W23,W26) -> 0 | Y30: =SUM(Y13,Y16,Y20,Y23,Y26) -> 0 | AA30: =SUM(AA13,AA16,AA20,AA23,AA26) -> 0 | AC30: =SUM(AC13,AC16,AC20,AC23,AC26) -> 0 | AF30: =SUM(K30,M30,O30,,Q30,S30,U30,W30,Y30,AA30,AC30) -> 0
C31: Sicrhewch fod y gwerth hwn yn cyfateb i'r cyfansymiau ar y dyfynbrisiau a gyflwynwyd
C34: Uchafswm Gwerth Grant Cymwys | I34: =I30*0.9 -> 0 | K34: =K30*0.9 -> 0 | M34: =M30*0.9 -> 0 | O34: =O30*0.9 -> 0 | Q34: =Q30*0.9 -> 0 | S34: =S30*0.9 -> 0 | U34: =U30*0.9 -> 0 | W34: =W30*0.9 -> 0 | Y34: =Y30*0.9 -> 0 | AA34: =AA30*0.9 -> 0 | AC34: =AC30*0.9 -> 0 | AF34: =SUM(K34,M34,O34,,Q34,S34,U34,W34,Y34,AA34,AC34) -> 0
C36: Swm y grant y gofynnir amdano | I36: =SUM(K36:AC36) -> 0 | K36: 0 | M36: 0 | AF36: =SUM(K36,M36,O36,,Q36,S36,U36,W36,Y36,AA36,AC36) -> 0
C37: Canran o gyfanswm y costau y gofynnir amdanynt (Uchafswm cyfraniad yw 90%) | I37: =IFERROR(I36/I30,"") | K37: =IFERROR(K36/K30,"") | M37: =IFERROR(M36/M30,"") | O37: =IFERROR(O36/O30,"") | Q37: =IFERROR(Q36/Q30,"") | S37: =IFERROR(S36/S30,"") | U37: =IFERROR(U36/U30,"") | W37: =IFERROR(W36/W30,"") | Y37: =IFERROR(Y36/Y30,"") | AA37: =IFERROR(AA36/AA30,"") | AC37: =IFERROR(AC36/AC30,"") | AF37: =AVERAGE(E37:O37) -> #DIV/0!
C39: Isafswm Cyfraniad Ymgeisydd | I39: =I30-I36 -> 0 | K39: =K30-K36 -> 0 | M39: =M30-M36 -> 0 | O39: =O30-O36 -> 0 | Q39: =Q30-Q36 -> 0 | S39: =S30-S36 -> 0 | U39: =U30-U36 -> 0 | W39: =W30-W36 -> 0 | Y39: =Y30-Y36 -> 0 | AA39: =AA30-AA36 -> 0 | AC39: =AC30-AC36 -> 0 | AF39: =SUM(K39,M39,O39,Q39,S39,U39,W39,Y39,AA39,AC39) -> 0
C43: Costau'n cael eu hariannu gan ffynonellau ariannu eraill | I43: =SUM(K43:AC43) -> 0 | K43: =SUM(K46:K48) -> 0 | M43: =SUM(M46:M48) -> 0 | O43: =SUM(O46:O48) -> 0 | Q43: =SUM(Q46:Q48) -> 0 | S43: =SUM(S46:S48) -> 0 | U43: =SUM(U46:U48) -> 0 | W43: =SUM(W46:W48) -> 0 | Y43: =SUM(Y46:Y48) -> 0 | AA43: =SUM(AA46:AA48) -> 0 | AC43: =SUM(AC46:AC48) -> 0 | AF43: =SUM(K43,M43,O43,Q43,S43,U43,W43,Y43,AA43,AC43) -> 0
C45: Rhestrwch ffynonellau a symiau cyllido eraill sydd wedi'u cadarnhau
C46: enw ffrwd ariannol | I46: =SUM(K46:AC46) -> 0 | K46: 0 | M46: 0 | O46: 0 | Q46: 0 | S46: 0 | U46: 0 | W46: 0 | Y46: 0 | AA46: 0 | AC46: 0
C47: enw ffrwd ariannol | I47: =SUM(K47:AC47) -> 0 | K47: 0 | M47: 0 | O47: 0 | Q47: 0 | S47: 0 | U47: 0 | W47: 0 | Y47: 0 | AA47: 0 | AC47: 0
C48: enw ffrwd ariannol | I48: =SUM(K48:AC48) -> 0 | K48: 0 | M48: 0 | O48: 0 | Q48: 0 | S48: 0 | U48: 0 | W48: 0 | Y48: 0 | AA48: 0 | AC48: 0
C51: Rhowch sylwadau ar gostau'r prosiect. Dylech gynnwys manylion fel: - sut mae'r costau hyn wedi'u deillio - sut mae'r dull a gymerir yn gost-effeithiol
B53: 3.2 Cyfraniad Blynyddol i'r costau
C55: (i)Byddwn yn derbyn prosiectau blwyddyn ariannol sengl neu cheisiadau aml-flwyddyn
C56: (ii)Mae'r cyllid yn cael ei ymrwymo ar sail blwyddyn ariannol a rhaid ei wario o fewn y flwyddyn ariannol a bennir.Ni ellir cario arian cymeradwy ymlaen o un flwyddyn ariannol i'r nesaf.
C59: Mynegwch y cyfraniad i'r cyfanswm costau'r prosiect fesul blwyddyn ariannol.
G60: Taliad Cadw | I60: Cyfanswm-Bl.1
C61: Gwariad prosiect i Fawrth 2025 | G61: Dewiswch | I61: =SUM(K61:AC61) -> 0 | K61: 0 | M61: 0
C63: A yw costau'r prosiect uchod yn cynnwys taliad cadw a fyddai'n cael ei dalu yn y flwyddyn ariannol nesaf?
C64: Os ydynt, beth yw gwerth y taliad cadw?
I65: Cyfanswm-Bl.2
C66: Gwariad prosiect rhwng Ebrill 2025 a Fawrth 2026 | G66: Dewiswch | I66: =SUM(K66:AC66) -> 0 | K66: 0 | M66: 0
C68: A yw costau'r prosiect uchod yn cynnwys taliad cadw a fyddai'n cael ei dalu yn y flwyddyn ariannol nesaf?
C69: Os ydynt, beth yw gwerth y taliad cadw?
I70: Cyfanswm
C71: Cyfanswm Costau'r Prosiect | I71: =SUM(K71:AC71) -> 0 | K71: =SUM(K61:K66) -> 0 | M71: =SUM(M61:M66) -> 0 | O71: =SUM(O61:O66) -> 0 | Q71: =SUM(Q61:Q66) -> 0 | S71: =SUM(S61:S66) -> 0 | U71: =SUM(U61:U66) -> 0 | W71: =SUM(W61:W66) -> 0 | Y71: =SUM(Y61:Y66) -> 0 | AA71: =SUM(AA61:AA66) -> 0 | AC71: =SUM(AC61:AC66) -> 0 | AF71: =SUM(K71,M71,O71,Q71,S71,U71,W71,Y71,AA71,AC71) -> 0
K72: =IF(K71=K30,"ok","nid yw'r swm yn cyfateb ac adran 3.1") -> ok | M72: =IF(M71=M30,"ok","nid yw'r swm yn cyfateb ac adran 3.1") -> ok | O72: =IF(O71=O30,"ok","nid yw'r swm yn cyfateb ac adran 3.1") -> ok | Q72: =IF(Q71=Q30,"ok","nid yw'r swm yn cyfateb ac adran 3.1") -> ok | S72: =IF(S71=S30,"ok","nid yw'r swm yn cyfateb ac adran 3.1") -> ok | U72: =IF(U71=U30,"ok","nid yw'r swm yn cyfateb ac adran 3.1") -> ok | W72: =IF(W71=W30,"ok","nid yw'r swm yn cyfateb ac adran 3.1") -> ok | Y72: =IF(Y71=Y30,"ok","nid yw'r swm yn cyfateb ac adran 3.1") -> ok | AA72: =IF(AA71=AA30,"ok","nid yw'r swm yn cyfateb ac adran 3.1") -> ok | AC72: =IF(AC71=AC30,"ok","nid yw'r swm yn cyfateb ac adran 3.1") -> ok
AF73: =SUM(K73,M73,O73,Q73,S73,U73,W73,Y73,AA73,AC73) -> 0
B76: 3.3 | C76: Rhagolygion tynnu-i-lawr ariannol
C78: Nodwch eich symiau tynnu i lawr disgwyliedig (llai unrhyw daliadau cadw), gan nodi ym mha chwarter y bydd y rhain yn cael eu tynnu. Dylai fod yn swm grant ac nid cyfanswm y gost. | F78: Uchafswm Gwerth Grant Cymwys - Blwyddyn ariannol I Fawrth 2025 | G78: =I61*0.9 -> 0 | I78: Gwerth Cymwys y Grant - Blwyddyn ariannol i Fawrth 2025 | K78: 0
C79: Deellir y gall y symiau hyn newid a bydd angen rhybudd ymlaen llaw arnom o amrywiadau er mwyn sicrhau y gellir gwneud y tynnu i lawr. | F79: Uchafswm Gwerth Grant Cymwys - Blwyddyn ariannol I Fawrth 2026 | G79: =I66*0.9 -> 0 | I79: Gwerth Cymwys y Grant - Blwyddyn ariannol i Fawrth 2026
C80: Nid ydym yn disgwyl mwy na 4 dynnu i lawr fesul ymgeisydd fesul blwyddyn ariannol. | D80: Cyfanswm Blwyddyn Ariannol 24/25 | F80: Uchafswm bosib o grant | G80: =SUM(G78:G79) -> 0 | I80: Swm y grant a gofynnir amdano | K80: =SUM(K78:K79) -> 0
C81: Dyddiad | D81: Swm y Grant | K81: =IF(K80=I36,"ok","nid yw'r swm yn cyfateb ac adran 3.1") -> ok
C82: Dyddiad | D82: 0
C83: Dyddiad | D83: 0
C84: Dyddiad | D84: 0
C85: Dyddiad | D85: 0
C87: Cyfanswm Grant Blwyddyn Ariannol 24/25 y Gofynnwyd Amdano | D87: =SUM(D82:D85) -> 0 | F87: {=_xlfn.IFS(D87<K78,"llai na'r cais",D87=K78,"ok",D87>K78,"fwy na'r cais")} -> ok
D89: Cyfanswm Blwyddyn Ariannol 25/26
C90: Dyddiad | D90: Swm y Grant
C91: Dyddiad | D91: 0
C92: Dyddiad | D92: 0
C93: Dyddiad | D93: 0
C94: Dyddiad | D94: 0
C96: Cyfanswm Grant Blwyddyn Ariannol 25/26 y Gofynnwyd Amdano | D96: =SUM(D91:D94) -> 0 | F96: {=_xlfn.IFS(D96<K79,"llai na'r cais",D96=K79,"ok",D96>K79,"fwy na'r cais")} -> ok
B98: Diwedd y ddalen

Sheet 4. Risgiau
C2: 4. ASESIAD RISG
C4: Disgrifiad o’r Risg i Gyflawni’r Prosiect | D4: Effaith Bosibl (1-5) | E4: Tebygolrwydd (1-5) | F4: Graddfa Risg (heb ei liniaru) | G4: Lliniaru Arfaethedig | H4: Effaith Bosibl (1-5) | I4: Tebygolrwydd (1-5) | J4: Graddfa Risg (heb ei liniaru)
F5: =D5*E5 -> 0 | J5: =H5*I5 -> 0
F6: =D6*E6 -> 0 | J6: =H6*I6 -> 0
F7: =D7*E7 -> 0 | J7: =H7*I7 -> 0
F8: =D8*E8 -> 0 | J8: =H8*I8 -> 0
F9: =D9*E9 -> 0 | J9: =H9*I9 -> 0
F10: =D10*E10 -> 0 | J10: =H10*I10 -> 0
F11: =D11*E11 -> 0 | J11: =H11*I11 -> 0
F12: =D12*E12 -> 0 | J12: =H12*I12 -> 0
B19: Diwedd y ddalen

Sheet 5. Crynodeb a Datganiad
C2: 5. Cyflwyno’r Cais
C10: 5.1 Gwiriad Cwblhau
G12: Cwblhau?
E13: 1. Manylion Ymgeisydd | G13: FALSE | O13: (A1)
E15: 2. Manylion Prosiect | G15: FALSE | O15: (A2)
E17: 3. Manylion Costau Cymwys | G17: FALSE | O17: (A3)
E19: 4. Risgiau | G19: FALSE | O19: (A4)
C21: 5.2 Gwybodaeth Ategol
G23: Atodedig? | I23: Enw'r ddogfen gan gynnwys y tair llythyren fath ar y diwedd
C24: Astudiaeth dichonoldeb / Cynnig Gradd Buddsoddi sy'n dangos bod y prosiect yn dechnegol ymarferol | G24: FALSE | O24: (B1)
C26: Dyfynbris cyflenwyr ar gyfer y gwaith | G26: FALSE | O26: (B2)
C28: Lluniadau (cynllun a gweddlun) sy'n dangos lleoliad y ffynhonnell wres a'r raddfa (dewisol) | G28: FALSE | O28: (B3)
C30: Taflen manyleb ar gyfer y pwmp gwres / ffynhonnell wres carbon isel arall arfaethedig | G30: FALSE | O30: (B4)
C32: Tystiolaeth o gyfernod perfformiad y pwmp gwres (lle bo hynny'n berthnasol) | G32: FALSE | O32: (B5)
C34: Tystiolaeth bod unrhyw gyllid ategol ar waith e.e. llythyrau yn cadarnhau cyllid | G34: FALSE | O34: (B6)
C36: Asesiad Coch Melyn Gwyrdd o'r risgiau mawr i gyflawni’r prosiect | G36: FALSE | O36: (B7)
C38: 5.3 Datganiad a Chrynodeb Ariannol
F40: Blwyddyn Ariannol 1 | I40: Blwyddyn Ariannol 2
C41: Cais am Grant | G41: ='3. Manylion Costau Cymwys'!D87 -> 0 | J41: ='3. Manylion Costau Cymwys'!D96 -> 0
C43: Tynnu i lawr a ddisgwylir: | F43: ='3. Manylion Costau Cymwys'!C82 -> Dyddiad | G43: ='3. Manylion Costau Cymwys'!D82 -> 0 | I43: ='3. Manylion Costau Cymwys'!C91 -> Dyddiad | J43: ='3. Manylion Costau Cymwys'!D91 -> 0
F44: ='3. Manylion Costau Cymwys'!C83 -> Dyddiad | G44: ='3. Manylion Costau Cymwys'!D83 -> 0 | I44: ='3. Manylion Costau Cymwys'!C92 -> Dyddiad | J44: ='3. Manylion Costau Cymwys'!D92 -> 0
F45: ='3. Manylion Costau Cymwys'!C84 -> Dyddiad | G45: ='3. Manylion Costau Cymwys'!D84 -> 0 | I45: ='3. Manylion Costau Cymwys'!C93 -> Dyddiad | J45: ='3. Manylion Costau Cymwys'!D93 -> 0
F46: ='3. Manylion Costau Cymwys'!C85 -> Dyddiad | G46: ='3. Manylion Costau Cymwys'!D85 -> 0 | I46: ='3. Manylion Costau Cymwys'!C94 -> Dyddiad | J46: ='3. Manylion Costau Cymwys'!D94 -> 0
C49: Rydym yn cadarnhau ein bod yn deall nad yw gwerth y prosiect yn hyblyg rhwng blynyddoedd ariannol | G49: FALSE | O49: (C1)
C51: Rydym yn cadarnhau bod ein cyfraniad o gyllid (10%+) wedi'i sicrhau a bydd ar gael ar gyfer pob tynnu'r arian i lawr | G51: FALSE | O51: (C2)
C53: Rydym yn cadarnhau ein bod yn deall y bydd tynnu cyllid i lawr mewn ôl-ddyledion | G53: FALSE | O53: (C3)
C55: Rydym yn cadarnhau bod ein safleoedd wedi'u rhestru yn ein trefn blaenoriaeth, ac y gellir gwneud cynigion grant ar gyfer nifer llai o safleoedd i sicrhau dosbarthiad rhesymol a theg o gyllid. | G55: FALSE | O55: (C4)
C57: Rydym yn cadarnhau nad yw TAW y gellir ei adennill wedi'i gynnwys mewn costau prosiect y gwnaed cais amdano (neu fel rhan o'n cyfraniad) | G57: FALSE | O57: (C5)
C59: Rydym yn deall y gallai atebion gwres carbon isel arwain at gynnydd mewn costau ynni, ac y gellir talu'r costau hyn | G59: FALSE | O59: (C6)
C61: Rydym yn cadarnhau y byddwn yn barod i fynd i gontract yn fuan ar ôl dyfarnu’r grant | G61: FALSE | O61: (C7)
C63: Rydym yn cadarnhau bod gennym ymrwymiad uwch ar gyfer y prosiect | G63: FALSE | O63: (C8)
C65: Rwy'n cadarnhau, fel y cyswllt / ymgeisydd allweddol, fy mod yn deall y gofyniad ar gyfer adroddiadau misol a rheoli’r cyllid yn gywir, a bod hwn yn un o brif amodau'r grant. | G65: FALSE | O65: (C9)
C67: Rwy'n cadarnhau bod y cais yn gywir ac yn llawn hyd eithaf fy ngwybodaeth, a bod gennyf yr awdurdod i wneud cais dros y sefydliad. Rhowch eich enw mewn priflythrennau | G67: FALSE | K67: Rhowch eich enw yma | O67: (C10)
C71: 5.4 Dogfen Cynnig Grant
C73: Yr Iaith a Ffefrir ar gyfer Llythyr/Dogfen Cynnig Grant: | G73: Cymraeg | O73: (C11)
C75: A fydd y Cyfarwyddwr Noddi yn llofnodi'r Llythyr Cynnig Grant? | G75: Dewiswch | O75: (C12)
C76: (Os na fydd y Cyfarwyddwr Noddi yn llofnodi'r Llythyr Cynnig Grant, | I76: =IF(G75="Na", "Rhowch enw", "") | L76: =IF(G75="Na", "Cyfeiriad ebost", "")
C77: rhowch enw ac ebost y person o'r un awdurdod neu'n uwch | I77: =IF(G76="No", "Print Name", "") | L77: =IF(G76="No", "E-mail address", "")
C80: Diwedd y cais | F80: STATWS | G80: =IF(G13*G15*G17*G19*G24*G26*G28*G30*G32*G34*G36*G49*G51*G53*G55*G57*G59*G61*G63*G67=0,"nid yw'r blychau siec i gyd yn llawn","") -> nid yw'r blychau siec i gyd yn llawn | J80: =IF(AND(I75="",G75="Na"),"dim enw","") | M80: =IF(AND(L75="",G75="Na"),"dim ebost","")
C84: =IF(AND(G80="",J80="",M80=""), 'Nodiadau Canllawiau'!C31,"")

Sheet Lists
A1: Llinell wag-> | B1: Dewiswch | D1: Dewiswch | F1: Dewiswch | H1: Dewiswch | J1: Dewiswch | L1: Dewiswch | N1: Dewiswch | P1: Dewiswch | R1: Dyddiad | U1: Dewiswch | W1: Dewiswch | Y1: Dewiswch
B2: Ydy | D2: Cadarhau | F2: Pwmp gwres - ffynhonnell aer | H2: Blwyddyn | J2: Ysgol Gynradd | L2: Boeleri | N2: Nwy naturiol | P2: Gwresogi (ychwanegol) | R2: Hyd-24 | U2: Wedi cael caniatâd cynllunio | W2: Mewn contract - Contractau perfformiad ynni (EnPC) (is-gontractwyr wedi’u cadarnhau) | Y2: Dim diweddariadau - Gweithredwr Rhwydwaith Ardal wedi’i gadarnhau
B3: Na | D3: Methu cadarnhau | F3: Pwmp gwres - ffynhonnell daear | H3: Aml-flwyddyn | J3: Ysgol Uwchradd | L3: Gwresogydd dŵr poeth uniongyrchol | N3: LPG | P3: Dŵr Poeth | R3: Tach-24 | U3: Wedi gwneud cais am ganiatâd cynllunio | W3: Mewn contract - Contractau perfformiad ynni (EnPC) (is-gontractwyr i’w cadarnhau) | Y3: Gweithredwr Rhwydwaith Ardal -diweddariadau yn y contract
B4: Dim yn berthnasol | F4: Pwmp gwres - ffynhonnell dŵr o'r ddaear | J4: Swyddfeydd | L4: Cyfuniad o wres a phŵer | N4: Kerosene | P4: Arall | R4: Rhag - 24 | U4: Wrthi’n datblygu cais cynllunio | W4: Mewn contract - darparwr un contractwr | Y4: Gweithredwr Rhwydwaith Ardal - dyfynbris pendant wedi’i dderbyn
F5: Pwmp gwres - ffynhonnell ddŵr | J5: Depo | L5: Gwresogydd trydan (ar gyfer gwresogi gofod) | N5: Olew nwy | R5: Ion - 25 | U5: Datblygiad wedi’i ganiatáu - wedi'i gadarnhau gyda'r adran gynllunio | W5: Tendr wedi'i gwblhau - ymgeisydd dewisol i'w osod | Y5: Gweithredwr Rhwydwaith Ardal - cais llawn wedi’i gyflwyno
F6: Pwmp gwres -mewn camau – deuol aer wedyn dŵr | J6: Canolfan Hamdden (gyda phwll) | L6: Arall | N6: Trydan | R6: Chwef - 25 | U6: Datblygiad wedi’i ganiatáu - tybiedig | W6: Cynllun yn gyflawn – profi’r farchnad ar gyfer gosod | Y6: Gweithredwr Rhwydwaith Ardal - dyfynbris cychwynnol wedi’i dderbyn
B7: Pasio | F7: Pwmp gwres - ffynhonnell aer tymheredd uchel | J7: Canolfan Hamdden (heb bwll) | R7: Maw - 25 | U7: Ddim yn gwybod am gynllunio | W7: Cynllun yn gyflawn - amcangyfrif costau gosod yn unig | Y7: Gweithredwr Rhwydwaith Ardal - wedi gofyn am ddyfynbris cychwynnol
B8: Methu | F8: Boeler trydan | J8: Canolfan Gymunedol | R8: Ebr - 25 | W8: Dim cynllun wedi’i gwblhau - amcangyfrif mewnol o'r costau | Y8: Gweithredwr Rhwydwaith Ardal - wedi ymgysylltu ag ymateb cadarnhaol
B9: Angen Eglurhad | F9: Gwresogyddion trydan uniongyrchol | J9: Llyfrgell | R9: Mai - 25 | Y9: Gweithredwr Rhwydwaith Ardal - heb ymgysylltu
F10: Biomas | J10: Arall | R10: Meh - 25
F11: Bionwy | R11: Gorff - 25
F12: Cysylltiad â'r rhwydwaith gwres ardal presennol | R12: Awst - 25
R13: Medi - 25
B14: Ebr - 25 | D14: Ebr - 26 | R14: Hyd - 25
B15: Mai - 25 | D15: Mai - 26 | R15: Tach - 25
B16: Meh - 25 | D16: Meh - 26 | R16: Rhag - 25
B17: Gorff - 25 | D17: Gorff - 26 | F17: Dewiswch | R17: Ion - 26
B18: Awst - 25 | D18: Awst - 26 | F18: Cymraeg | R18: Chwef - 26
B19: Medi - 25 | D19: Medi - 26 | F19: Saesneg | R19: Maw - 26
B20: Hyd - 25 | D20: Hyd - 26
B21: Tach - 25 | D21: Tach - 26
A22: Rhag - 24 | B22: Rhag - 25 | D22: Rhag - 26
A23: Ion - 25 | B23: Ion - 26 | D23: Ion - 27
A24: Chwef - 25 | B24: Chwef - 26 | D24: Chwef - 27
A25: Maw - 25 | B25: Maw - 26 | D25: Maw - 27

Sheet Calculation_factors
B2: Fuel Lookup for LCH Tech | E2: Lifetime CO2 (15 years) | F2: kg CO2e | H2: 1year CO2 (202X) | K2: Factors | AB2: Summary & Declaration
H3: Year | I3: 2024 | K3: kg CO2 / kWh
E4: Lifetime of project (years) | F4: 15 | AD4: Fuel types | AE4: Building 1 | AF4: Building 2 | AG4: Building 3 | AH4: Building 4 | AI4: Building 5 | AJ4: Building 6 | AK4: Building 7 | AL4: Building 8 | AM4: Building 9 | AN4: Building 10
B5: Pwmp gwres - ffynhonnell aer | C5: Trydan | AD5: Natural Gas | AE5: =(IF('2. Manylion Prosiect'!D35="Natural gas",'2. Manylion Prosiect'!D45,0)+IF('2. Manylion Prosiect'!D57="Natural gas",'2. Manylion Prosiect'!D65,0)+((IF('2. Manylion Prosiect'!D77="Natural gas",'2. Manylion Prosiect'!D85,0)))) -> 0 | AF5: =(IF('2. Manylion Prosiect'!F35="Natural gas",'2. Manylion Prosiect'!F45,0)+IF('2. Manylion Prosiect'!F57="Natural gas",'2. Manylion Prosiect'!F65,0)+((IF('2. Manylion Prosiect'!F77="Natural gas",'2. Manylion Prosiect'!F85,0)))) -> 0 | AG5: =(IF('2. Manylion Prosiect'!H35="Natural gas",'2. Manylion Prosiect'!H45,0)+IF('2. Manylion Prosiect'!H57="Natural gas",'2. Manylion Prosiect'!H65,0)+((IF('2. Manylion Prosiect'!H77="Natural gas",'2. Manylion Prosiect'!H85,0)))) -> 0 | AH5: =(IF('2. Manylion Prosiect'!J35="Natural gas",'2. Manylion Prosiect'!J45,0)+IF('2. Manylion Prosiect'!J57="Natural gas",'2. Manylion Prosiect'!J65,0)+((IF('2. Manylion Prosiect'!J77="Natural gas",'2. Manylion Prosiect'!J85,0)))) -> 0 | AI5: =(IF('2. Manylion Prosiect'!L35="Natural gas",'2. Manylion Prosiect'!L45,0)+IF('2. Manylion Prosiect'!L57="Natural gas",'2. Manylion Prosiect'!L65,0)+((IF('2. Manylion Prosiect'!L77="Natural gas",'2. Manylion Prosiect'!L85,0)))) -> 0 | AJ5: =(IF('2. Manylion Prosiect'!N35="Natural gas",'2. Manylion Prosiect'!N45,0)+IF('2. Manylion Prosiect'!N57="Natural gas",'2. Manylion Prosiect'!N65,0)+((IF('2. Manylion Prosiect'!N77="Natural gas",'2. Manylion Prosiect'!N85,0)))) -> 0 | AK5: =(IF('2. Manylion Prosiect'!P35="Natural gas",'2. Manylion Prosiect'!P45,0)+IF('2. Manylion Prosiect'!P57="Natural gas",'2. Manylion Prosiect'!P65,0)+((IF('2. Manylion Prosiect'!P77="Natural gas",'2. Manylion Prosiect'!P85,0)))) -> 0 | AL5: =(IF('2. Manylion Prosiect'!R35="Natural gas",'2. Manylion Prosiect'!R45,0)+IF('2. Manylion Prosiect'!R57="Natural gas",'2. Manylion Prosiect'!R65,0)+((IF('2. Manylion Prosiect'!R77="Natural gas",'2. Manylion Prosiect'!R85,0)))) -> 0 | AM5: =(IF('2. Manylion Prosiect'!T35="Natural gas",'2. Manylion Prosiect'!T45,0)+IF('2. Manylion Prosiect'!T57="Natural gas",'2. Manylion Prosiect'!T65,0)+((IF('2. Manylion Prosiect'!T77="Natural gas",'2. Manylion Prosiect'!T85,0)))) -> 0 | AN5: =(IF('2. Manylion Prosiect'!V35="Natural gas",'2. Manylion Prosiect'!V45,0)+IF('2. Manylion Prosiect'!V57="Natural gas",'2. Manylion Prosiect'!V65,0)+((IF('2. Manylion Prosiect'!V77="Natural gas",'2. Manylion Prosiect'!V85,0)))) -> 0
B6: Pwmp gwres - ffynhonnell daear | C6: Trydan | E6: Trydan | F6: =SUM(_xlfn.TAKE(L7:L33,$F$4,)) -> 2.2998935 | H6: Trydan | I6: =INDEX($L$7:$S$33,MATCH($I$3,$K$7:$K$33,0),MATCH($H6,$L$6:$S$6,0)) -> 0.22535 | K6: Year | L6: Trydan | M6: Biomas | N6: Bionwy | O6: Gwres Ardal | P6: Nwy Naturiol | Q6: LPG | R6: Kerosene | S6: Olew nwy | AD6: Grid Electricity | AE6: =(IF('2. Manylion Prosiect'!D36="Electric",'2. Manylion Prosiect'!#REF!,0)+IF('2. Manylion Prosiect'!D58="Electric",'2. Manylion Prosiect'!#REF!,0)+((IF('2. Manylion Prosiect'!D78="Electric",'2. Manylion Prosiect'!D91,0)))) -> 0 | AF6: =(IF('2. Manylion Prosiect'!F36="Electric",'2. Manylion Prosiect'!#REF!,0)+IF('2. Manylion Prosiect'!F58="Electric",'2. Manylion Prosiect'!#REF!,0)+((IF('2. Manylion Prosiect'!F78="Electric",'2. Manylion Prosiect'!F91,0)))) -> 0 | AG6: =(IF('2. Manylion Prosiect'!H36="Electric",'2. Manylion Prosiect'!#REF!,0)+IF('2. Manylion Prosiect'!H58="Electric",'2. Manylion Prosiect'!#REF!,0)+((IF('2. Manylion Prosiect'!H78="Electric",'2. Manylion Prosiect'!H91,0)))) -> 0 | AH6: =(IF('2. Manylion Prosiect'!J36="Electric",'2. Manylion Prosiect'!#REF!,0)+IF('2. Manylion Prosiect'!J58="Electric",'2. Manylion Prosiect'!#REF!,0)+((IF('2. Manylion Prosiect'!J78="Electric",'2. Manylion Prosiect'!J91,0)))) -> 0 | AI6: =(IF('2. Manylion Prosiect'!L36="Electric",'2. Manylion Prosiect'!#REF!,0)+IF('2. Manylion Prosiect'!L58="Electric",'2. Manylion Prosiect'!#REF!,0)+((IF('2. Manylion Prosiect'!L78="Electric",'2. Manylion Prosiect'!L91,0)))) -> 0 | AJ6: =(IF('2. Manylion Prosiect'!N36="Electric",'2. Manylion Prosiect'!#REF!,0)+IF('2. Manylion Prosiect'!N58="Electric",'2. Manylion Prosiect'!#REF!,0)+((IF('2. Manylion Prosiect'!N78="Electric",'2. Manylion Prosiect'!N91,0)))) -> 0 | AK6: =(IF('2. Manylion Prosiect'!P36="Electric",'2. Manylion Prosiect'!#REF!,0)+IF('2. Manylion Prosiect'!P58="Electric",'2. Manylion Prosiect'!#REF!,0)+((IF('2. Manylion Prosiect'!P78="Electric",'2. Manylion Prosiect'!P91,0)))) -> 0 | AL6: =(IF('2. Manylion Prosiect'!R36="Electric",'2. Manylion Prosiect'!#REF!,0)+IF('2. Manylion Prosiect'!R58="Electric",'2. Manylion Prosiect'!#REF!,0)+((IF('2. Manylion Prosiect'!R78="Electric",'2. Manylion Prosiect'!R91,0)))) -> 0 | AM6: =(IF('2. Manylion Prosiect'!T36="Electric",'2. Manylion Prosiect'!#REF!,0)+IF('2. Manylion Prosiect'!T58="Electric",'2. Manylion Prosiect'!#REF!,0)+((IF('2. Manylion Prosiect'!T78="Electric",'2. Manylion Prosiect'!T91,0)))) -> 0 | AN6: =(IF('2. Manylion Prosiect'!V36="Electric",'2. Manylion Prosiect'!#REF!,0)+IF('2. Manylion Prosiect'!V58="Electric",'2. Manylion Prosiect'!#REF!,0)+((IF('2. Manylion Prosiect'!V78="Electric",'2. Manylion Prosiect'!V91,0)))) -> 0
B7: Pwmp gwres - ffynhonnell dŵr o'r ddaear | C7: Trydan | E7: Biomas | F7: =I7*$F$4 -> 0.15795 | H7: Biomas | I7: =INDEX($L$7:$S$33,MATCH($I$3,$K$7:$K$33,0),MATCH($H7,$L$6:$S$6,0)) -> 0.01053 | K7: 2024 | L7: 0.22535 | M7: 0.01053 | N7: 0.00022 | O7: 0.17073 | P7: 0.1829 | Q7: 0.21419 | R7: 0.24677 | S7: 0.2565 | AD7: Gas Oil | AE7: =IF('2. Manylion Prosiect'!D35="Kerosene",'2. Manylion Prosiect'!D45,0)+IF('2. Manylion Prosiect'!D57="Kerosene",'2. Manylion Prosiect'!D45,0)+((IF('2. Manylion Prosiect'!D77="Kerosene",'2. Manylion Prosiect'!D85,0))) -> 0 | AF7: =IF('2. Manylion Prosiect'!F35="Kerosene",'2. Manylion Prosiect'!F45,0)+IF('2. Manylion Prosiect'!F57="Kerosene",'2. Manylion Prosiect'!F45,0)+((IF('2. Manylion Prosiect'!F77="Kerosene",'2. Manylion Prosiect'!F85,0))) -> 0 | AG7: =IF('2. Manylion Prosiect'!H35="Kerosene",'2. Manylion Prosiect'!H45,0)+IF('2. Manylion Prosiect'!H57="Kerosene",'2. Manylion Prosiect'!H45,0)+((IF('2. Manylion Prosiect'!H77="Kerosene",'2. Manylion Prosiect'!H85,0))) -> 0 | AH7: =IF('2. Manylion Prosiect'!J35="Kerosene",'2. Manylion Prosiect'!J45,0)+IF('2. Manylion Prosiect'!J57="Kerosene",'2. Manylion Prosiect'!J45,0)+((IF('2. Manylion Prosiect'!J77="Kerosene",'2. Manylion Prosiect'!J85,0))) -> 0 | AI7: =IF('2. Manylion Prosiect'!L35="Kerosene",'2. Manylion Prosiect'!L45,0)+IF('2. Manylion Prosiect'!L57="Kerosene",'2. Manylion Prosiect'!L45,0)+((IF('2. Manylion Prosiect'!L77="Kerosene",'2. Manylion Prosiect'!L85,0))) -> 0 | AJ7: =IF('2. Manylion Prosiect'!N35="Kerosene",'2. Manylion Prosiect'!N45,0)+IF('2. Manylion Prosiect'!N57="Kerosene",'2. Manylion Prosiect'!N45,0)+((IF('2. Manylion Prosiect'!N77="Kerosene",'2. Manylion Prosiect'!N85,0))) -> 0 | AK7: =IF('2. Manylion Prosiect'!P35="Kerosene",'2. Manylion Prosiect'!P45,0)+IF('2. Manylion Prosiect'!P57="Kerosene",'2. Manylion Prosiect'!P45,0)+((IF('2. Manylion Prosiect'!P77="Kerosene",'2. Manylion Prosiect'!P85,0))) -> 0 | AL7: =IF('2. Manylion Prosiect'!R35="Kerosene",'2. Manylion Prosiect'!R45,0)+IF('2. Manylion Prosiect'!R57="Kerosene",'2. Manylion Prosiect'!R45,0)+((IF('2. Manylion Prosiect'!R77="Kerosene",'2. Manylion Prosiect'!R85,0))) -> 0 | AM7: =IF('2. Manylion Prosiect'!T35="Kerosene",'2. Manylion Prosiect'!T45,0)+IF('2. Manylion Prosiect'!T57="Kerosene",'2. Manylion Prosiect'!T45,0)+((IF('2. Manylion Prosiect'!T77="Kerosene",'2. Manylion Prosiect'!T85,0))) -> 0 | AN7: =IF('2. Manylion Prosiect'!V35="Kerosene",'2. Manylion Prosiect'!V45,0)+IF('2. Manylion Prosiect'!V57="Kerosene",'2. Manylion Prosiect'!V45,0)+((IF('2. Manylion Prosiect'!V77="Kerosene",'2. Manylion Prosiect'!V85,0))) -> 0
B8: Pwmp gwres - ffynhonnell ddŵr | C8: Trydan | E8: Bionwy | F8: =I8*$F$4 -> 0.0033 | H8: Bionwy | I8: =INDEX($L$7:$S$33,MATCH($I$3,$K$7:$K$33,0),MATCH($H8,$L$6:$S$6,0)) -> 0.00022 | K8: 2025 | L8: 0.21721324 | M8: 0.01053 | N8: 0.00022 | O8: 0.17073 | P8: 0.1829 | Q8: 0.21419 | R8: 0.24677 | S8: 0.2565 | AD8: LPG | AE8: =IF('2. Manylion Prosiect'!D35="LPG",'2. Manylion Prosiect'!D45,0)+IF('2. Manylion Prosiect'!D57="LPG",'2. Manylion Prosiect'!D45,0)+((IF('2. Manylion Prosiect'!D77="LPG",'2. Manylion Prosiect'!D85,0))) -> 0 | AF8: =IF('2. Manylion Prosiect'!F35="LPG",'2. Manylion Prosiect'!F45,0)+IF('2. Manylion Prosiect'!F57="LPG",'2. Manylion Prosiect'!F45,0)+((IF('2. Manylion Prosiect'!F77="LPG",'2. Manylion Prosiect'!F85,0))) -> 0 | AG8: =IF('2. Manylion Prosiect'!H35="LPG",'2. Manylion Prosiect'!H45,0)+IF('2. Manylion Prosiect'!H57="LPG",'2. Manylion Prosiect'!H45,0)+((IF('2. Manylion Prosiect'!H77="LPG",'2. Manylion Prosiect'!H85,0))) -> 0 | AH8: =IF('2. Manylion Prosiect'!J35="LPG",'2. Manylion Prosiect'!J45,0)+IF('2. Manylion Prosiect'!J57="LPG",'2. Manylion Prosiect'!J45,0)+((IF('2. Manylion Prosiect'!J77="LPG",'2. Manylion Prosiect'!J85,0))) -> 0 | AI8: =IF('2. Manylion Prosiect'!L35="LPG",'2. Manylion Prosiect'!L45,0)+IF('2. Manylion Prosiect'!L57="LPG",'2. Manylion Prosiect'!L45,0)+((IF('2. Manylion Prosiect'!L77="LPG",'2. Manylion Prosiect'!L85,0))) -> 0 | AJ8: =IF('2. Manylion Prosiect'!N35="LPG",'2. Manylion Prosiect'!N45,0)+IF('2. Manylion Prosiect'!N57="LPG",'2. Manylion Prosiect'!N45,0)+((IF('2. Manylion Prosiect'!N77="LPG",'2. Manylion Prosiect'!N85,0))) -> 0 | AK8: =IF('2. Manylion Prosiect'!P35="LPG",'2. Manylion Prosiect'!P45,0)+IF('2. Manylion Prosiect'!P57="LPG",'2. Manylion Prosiect'!P45,0)+((IF('2. Manylion Prosiect'!P77="LPG",'2. Manylion Prosiect'!P85,0))) -> 0 | AL8: =IF('2. Manylion Prosiect'!R35="LPG",'2. Manylion Prosiect'!R45,0)+IF('2. Manylion Prosiect'!R57="LPG",'2. Manylion Prosiect'!R45,0)+((IF('2. Manylion Prosiect'!R77="LPG",'2. Manylion Prosiect'!R85,0))) -> 0 | AM8: =IF('2. Manylion Prosiect'!T35="LPG",'2. Manylion Prosiect'!T45,0)+IF('2. Manylion Prosiect'!T57="LPG",'2. Manylion Prosiect'!T45,0)+((IF('2. Manylion Prosiect'!T77="LPG",'2. Manylion Prosiect'!T85,0))) -> 0 | AN8: =IF('2. Manylion Prosiect'!V35="LPG",'2. Manylion Prosiect'!V45,0)+IF('2. Manylion Prosiect'!V57="LPG",'2. Manylion Prosiect'!V45,0)+((IF('2. Manylion Prosiect'!V77="LPG",'2. Manylion Prosiect'!V85,0))) -> 0
B9: Pwmp gwres -mewn camau – deuol aer wedyn dŵr | C9: Trydan | E9: Gwres Ardal | F9: =I9*$F$4 -> 2.56095 | H9: Gwres Ardal | I9: =INDEX($L$7:$S$33,MATCH($I$3,$K$7:$K$33,0),MATCH($H9,$L$6:$S$6,0)) -> 0.17073 | K9: 2026 | L9: 0.21552707 | M9: 0.01053 | N9: 0.00022 | O9: 0.17073 | P9: 0.1829 | Q9: 0.21419 | R9: 0.24677 | S9: 0.2565
B10: Pwmp gwres - ffynhonnell aer tymheredd uchel | C10: Trydan | E10: Nwy Naturiol | F10: =I10*$F$4 -> 2.7435 | H10: Nwy Naturiol | I10: =INDEX($L$7:$S$33,MATCH($I$3,$K$7:$K$33,0),MATCH($H10,$L$6:$S$6,0)) -> 0.1829 | K10: 2027 | L10: 0.22001773 | M10: 0.01053 | N10: 0.00022 | O10: 0.17073 | P10: 0.1829 | Q10: 0.21419 | R10: 0.24677 | S10: 0.2565
B11: Boeler trydan | C11: Trydan | E11: LPG | F11: =I11*$F$4 -> 3.21285 | H11: LPG | I11: =INDEX($L$7:$S$33,MATCH($I$3,$K$7:$K$33,0),MATCH($H11,$L$6:$S$6,0)) -> 0.21419 | K11: 2028 | L11: 0.20904362 | M11: 0.01053 | N11: 0.00022 | O11: 0.17073 | P11: 0.1829 | Q11: 0.21419 | R11: 0.24677 | S11: 0.2565
B12: Gwresogyddion trydan uniongyrchol | C12: Trydan | E12: Kerosene | F12: =I12*$F$4 -> 3.70155 | H12: Kerosene | I12: =INDEX($L$7:$S$33,MATCH($I$3,$K$7:$K$33,0),MATCH($H12,$L$6:$S$6,0)) -> 0.24677 | K12: 2029 | L12: 0.18092552 | M12: 0.01053 | N12: 0.00022 | O12: 0.17073 | P12: 0.1829 | Q12: 0.21419 | R12: 0.24677 | S12: 0.2565
B13: Biomas | C13: Biomas | E13: Olew nwy | F13: =I13*$F$4 -> 3.8475 | H13: Olew nwy | I13: =INDEX($L$7:$S$33,MATCH($I$3,$K$7:$K$33,0),MATCH($H13,$L$6:$S$6,0)) -> 0.2565 | K13: 2030 | L13: 0.17653931 | M13: 0.01053 | N13: 0.00022 | O13: 0.17073 | P13: 0.1829 | Q13: 0.21419 | R13: 0.24677 | S13: 0.2565
B14: Bionwy | C14: Bionwy | E14: *Sam Wright-Green updated this 23.09 as part of his annual checks on carbon factors | K14: 2031 | L14: 0.15498093 | M14: 0.01053 | N14: 0.00022 | O14: 0.17073 | P14: 0.1829 | Q14: 0.21419 | R14: 0.24677 | S14: 0.2565
B15: Cysylltiad â'r rhwydwaith gwres ardal presennol | C15: Gwres Ardal | K15: 2032 | L15: 0.1257434 | M15: 0.01053 | N15: 0.00022 | O15: 0.17073 | P15: 0.1829 | Q15: 0.21419 | R15: 0.24677 | S15: 0.2565
K16: 2033 | L16: 0.12263423 | M16: 0.01053 | N16: 0.00022 | O16: 0.17073 | P16: 0.1829 | Q16: 0.21419 | R16: 0.24677 | S16: 0.2565
K17: 2034 | L17: 0.11117173 | M17: 0.01053 | N17: 0.00022 | O17: 0.17073 | P17: 0.1829 | Q17: 0.21419 | R17: 0.24677 | S17: 0.2565
K18: 2035 | L18: 0.090319619 | M18: 0.01053 | N18: 0.00022 | O18: 0.17073 | P18: 0.1829 | Q18: 0.21419 | R18: 0.24677 | S18: 0.2565
K19: 2036 | L19: 0.081621245 | M19: 0.01053 | N19: 0.00022 | O19: 0.17073 | P19: 0.1829 | Q19: 0.21419 | R19: 0.24677 | S19: 0.2565
K20: 2037 | L20: 0.086243057 | M20: 0.01053 | N20: 0.00022 | O20: 0.17073 | P20: 0.1829 | Q20: 0.21419 | R20: 0.24677 | S20: 0.2565
K21: 2038 | L21: 0.082562828 | M21: 0.01053 | N21: 0.00022 | O21: 0.17073 | P21: 0.1829 | Q21: 0.21419 | R21: 0.24677 | S21: 0.2565
K22: 2039 | L22: 0.076897918 | M22: 0.01053 | N22: 0.00022 | O22: 0.17073 | P22: 0.1829 | Q22: 0.21419 | R22: 0.24677 | S22: 0.2565
K23: 2040 | L23: 0.072829456 | M23: 0.01053 | N23: 0.00022 | O23: 0.17073 | P23: 0.1829 | Q23: 0.21419 | R23: 0.24677 | S23: 0.2565
K24: 2041 | L24: 0.071784507 | M24: 0.01053 | N24: 0.00022 | O24: 0.17073 | P24: 0.1829 | Q24: 0.21419 | R24: 0.24677 | S24: 0.2565
K25: 2042 | L25: 0.070684945 | M25: 0.01053 | N25: 0.00022 | O25: 0.17073 | P25: 0.1829 | Q25: 0.21419 | R25: 0.24677 | S25: 0.2565
K26: 2043 | L26: 0.065528125 | M26: 0.01053 | N26: 0.00022 | O26: 0.17073 | P26: 0.1829 | Q26: 0.21419 | R26: 0.24677 | S26: 0.2565
K27: 2044 | L27: 0.06437575 | M27: 0.01053 | N27: 0.00022 | O27: 0.17073 | P27: 0.1829 | Q27: 0.21419 | R27: 0.24677 | S27: 0.2565
... K33: 2050 | L33: 0.050244984 | M33: 0.01053 | N33: 0.00022 | O33: 0.17073 | P33: 0.1829 | Q33: 0.21419 | R33: 0.24677 | S33: 0.2565
K35: *Electricity factor follows a National grid FES 'Counterfactual' grid decarbonistion scenario for % drop between each year. DESNZ 2024 factor is used as the base.

Sheet Evaluation1
D1: 1 | E1: 2 | F1: 3 | G1: 4 | H1: 5 | I1: 6 | J1: 7 | K1: 8 | L1: 9 | M1: 10 | P1: APPLICANT DETAILS
B2: 1. Applicant Details | C2: 1. Applicant Details
B4: Compliance | D4: Reponse | E4: ='1. Manylion Ymgeisydd'!H19 -> Iawn / Methu | P4: Evaluation Response: | R4: Evaluation Commentary:
C5: Please confirm your organisation either owns, long term leases, or reports the carbon emissions for these buildings | D5: ='1. Manylion Ymgeisydd'!E20 -> FALSE | E5: ='1. Manylion Ymgeisydd'!H20 -> Methu
C6: Please confirm your organisation is retaining the building / lease for at least 10 years | D6: ='1. Manylion Ymgeisydd'!E22 -> FALSE | E6: ='1. Manylion Ymgeisydd'!H22 -> Methu
C7: Please confirm the applicant is a Local Authority | D7: ='1. Manylion Ymgeisydd'!E24 -> FALSE | E7: ='1. Manylion Ymgeisydd'!H24 -> Methu
C8: Please confirm the proposed works are yet to start | D8: ='1. Manylion Ymgeisydd'!E26 -> FALSE | E8: ='1. Manylion Ymgeisydd'!H26 -> Methu
C9: Will the works be completed by 31st Mrch 2026? | D9: ='1. Manylion Ymgeisydd'!E28 -> FALSE | E9: ='1. Manylion Ymgeisydd'!H28 -> Methu
C11: Are any of the projects in this application related to district heating? | D11: ='1. Manylion Ymgeisydd'!E30 -> Dewiswch
C12: Are any of the projects in this application dependent on another funding stream? | D12: ='1. Manylion Ymgeisydd'!E32 -> Dewiswch
C13: Are any of the projects in this application dependent on the timing of another project? | D13: ='1. Manylion Ymgeisydd'!E34 -> Dewiswch
B14: Procurement
C15: Are you intending on delivering these projects via a Re:fit contract? | D15: ='1. Manylion Ymgeisydd'!E37 -> Dewiswch
C16: Do you have a detailed design or investment grade proposal in place? | D16: ='1. Manylion Ymgeisydd'!E39 -> Dewiswch
C17: Please indicate which stage of the procurement process you are at. | D17: ='1. Manylion Ymgeisydd'!E41 -> Dewiswch
B19: 2. Project Details | P19: PROJECT DETAILS
B21: Building details | P21: Evaluation Response: | R21: Evaluation Commentary:
C22: ='2. Manylion Prosiect'!C12 -> Math o adeilad | D22: ='2. Manylion Prosiect'!D12 -> Dewiswch | E22: Manylion Prosiect | F22: ='2. Manylion Prosiect'!H12 -> Dewiswch | G22: ='2. Manylion Prosiect'!J12 -> Dewiswch | H22: ='2. Manylion Prosiect'!L12 -> Please select | I22: ='2. Manylion Prosiect'!N12 -> Please select | J22: ='2. Manylion Prosiect'!P12 -> Dewiswch | K22: ='2. Manylion Prosiect'!R12 -> Please select | L22: ='2. Manylion Prosiect'!T12 -> Please select | M22: ='2. Manylion Prosiect'!V12 -> Please select
C23: ='2. Manylion Prosiect'!C14 -> Arwynebedd Gros Llawr Mewnol yr Adeilad (m2) | D23: ='2. Manylion Prosiect'!D14 -> 0 | E23: ='2. Manylion Prosiect'!F14 -> 0 | F23: ='2. Manylion Prosiect'!H14 -> 0 | G23: ='2. Manylion Prosiect'!J14 -> 0 | H23: ='2. Manylion Prosiect'!L14 -> 0 | I23: ='2. Manylion Prosiect'!N14 -> 0 | J23: ='2. Manylion Prosiect'!P14 -> 0 | K23: ='2. Manylion Prosiect'!R14 -> 0 | L23: ='2. Manylion Prosiect'!T14 -> 0 | M23: ='2. Manylion Prosiect'!V14 -> 0
C24: ='2. Manylion Prosiect'!C16 -> Cadarnhewch eich bod yn cadw perchnogaeth / les yr adeilad hwn am o leiaf 10 mlynedd | D24: ='2. Manylion Prosiect'!D16 -> Dewiswch | E24: ='2. Manylion Prosiect'!F16 -> Dewiswch | F24: ='2. Manylion Prosiect'!H16 -> Dewiswch | G24: ='2. Manylion Prosiect'!J16 -> Please select | H24: ='2. Manylion Prosiect'!L16 -> Please select | I24: ='2. Manylion Prosiect'!N16 -> Please select | J24: ='2. Manylion Prosiect'!P16 -> Please select | K24: ='2. Manylion Prosiect'!R16 -> Please select | L24: ='2. Manylion Prosiect'!T16 -> Please select | M24: ='2. Manylion Prosiect'!V16 -> Please select
C25: ='2. Manylion Prosiect'!C18 -> A yw'r adeilad yng nghyffiniau rhwydwaith gwres presennol neu un wedi'i gynllunio? | D25: ='2. Manylion Prosiect'!D18 -> Dewiswch | E25: ='2. Manylion Prosiect'!F18 -> Dewiswch | F25: ='2. Manylion Prosiect'!H18 -> Dewiswch | G25: ='2. Manylion Prosiect'!J18 -> Please select | H25: ='2. Manylion Prosiect'!L18 -> Please select | I25: ='2. Manylion Prosiect'!N18 -> Please select | J25: ='2. Manylion Prosiect'!P18 -> Please select | K25: ='2. Manylion Prosiect'!R18 -> Please select | L25: ='2. Manylion Prosiect'!T18 -> Please select | M25: ='2. Manylion Prosiect'!V18 -> Please select
B27: Existing
C28: ='2. Manylion Prosiect'!C33 -> Prif ffynhonnell gwres presennol yn yr adeilad | D28: ='2. Manylion Prosiect'!D33 -> Dewiswch | E28: ='2. Manylion Prosiect'!F33 -> Dewiswch | F28: ='2. Manylion Prosiect'!H33 -> Dewiswch | G28: ='2. Manylion Prosiect'!J33 -> Dewiswch | H28: ='2. Manylion Prosiect'!L33 -> Dewiswch | I28: ='2. Manylion Prosiect'!N33 -> Dewiswch | J28: ='2. Manylion Prosiect'!P33 -> Dewiswch | K28: ='2. Manylion Prosiect'!R33 -> Dewiswch | L28: ='2. Manylion Prosiect'!T33 -> Dewiswch | M28: ='2. Manylion Prosiect'!V33 -> Dewiswch
C29: ='2. Manylion Prosiect'!C35 -> Math o danwydd presennol | D29: ='2. Manylion Prosiect'!D35 -> Dewiswch | E29: ='2. Manylion Prosiect'!F35 -> Dewiswch | F29: ='2. Manylion Prosiect'!H35 -> Dewiswch | G29: ='2. Manylion Prosiect'!J35 -> Dewiswch | H29: ='2. Manylion Prosiect'!L35 -> Dewiswch | I29: ='2. Manylion Prosiect'!N35 -> Dewiswch | J29: ='2. Manylion Prosiect'!P35 -> Dewiswch | K29: ='2. Manylion Prosiect'!R35 -> Dewiswch | L29: ='2. Manylion Prosiect'!T35 -> Dewiswch | M29: ='2. Manylion Prosiect'!V35 -> Dewiswch
C30: ='2. Manylion Prosiect'!C37 -> Oedran y prif offer (blynyddoedd) | D30: ='2. Manylion Prosiect'!D37 -> 0 | E30: ='2. Manylion Prosiect'!F37 -> 0 | F30: ='2. Manylion Prosiect'!H37 -> 0 | G30: ='2. Manylion Prosiect'!J37 -> 0 | H30: ='2. Manylion Prosiect'!L37 -> 0 | I30: ='2. Manylion Prosiect'!N37 -> 0 | J30: ='2. Manylion Prosiect'!P37 -> 0 | K30: ='2. Manylion Prosiect'!R37 -> 0 | L30: ='2. Manylion Prosiect'!T37 -> 0 | M30: ='2. Manylion Prosiect'!V37 -> 0
C31: ='2. Manylion Prosiect'!C94 -> Cyfanswm allbwn gwres blynyddol sydd ei angen (kWh) | D31: ='2. Manylion Prosiect'!D94 | E31: ='2. Manylion Prosiect'!F94 | F31: ='2. Manylion Prosiect'!H94 | G31: ='2. Manylion Prosiect'!J94 | H31: ='2. Manylion Prosiect'!L94 | I31: ='2. Manylion Prosiect'!N94 | J31: ='2. Manylion Prosiect'!P94 | K31: ='2. Manylion Prosiect'!R94 | L31: ='2. Manylion Prosiect'!T94 | M31: ='2. Manylion Prosiect'!V94
C32: ='2. Manylion Prosiect'!C100 -> Canran o’r gwres a wasanaethir gan y prif gynhyrchydd gwres | D32: ='2. Manylion Prosiect'!D100 | E32: ='2. Manylion Prosiect'!F100 | F32: ='2. Manylion Prosiect'!H100 | G32: ='2. Manylion Prosiect'!J100 | H32: ='2. Manylion Prosiect'!L100 | I32: ='2. Manylion Prosiect'!N100 | J32: ='2. Manylion Prosiect'!P100 | K32: ='2. Manylion Prosiect'!R100 | L32: ='2. Manylion Prosiect'!T100 | M32: ='2. Manylion Prosiect'!V100
C33: ='2. Manylion Prosiect'!C101 -> Canran o’r gwres a wasanaethir gan gynhyrchydd gwres eilaidd | D33: ='2. Manylion Prosiect'!D101 | E33: ='2. Manylion Prosiect'!F101 | F33: ='2. Manylion Prosiect'!H101 | G33: ='2. Manylion Prosiect'!J101 | H33: ='2. Manylion Prosiect'!L101 | I33: ='2. Manylion Prosiect'!N101 | J33: ='2. Manylion Prosiect'!P101 | K33: ='2. Manylion Prosiect'!R101 | L33: ='2. Manylion Prosiect'!T101 | M33: ='2. Manylion Prosiect'!V101
C34: ='2. Manylion Prosiect'!C102 -> Canran o’r gwres a wasanaethir gan gynhyrchydd gwres pellach | D34: ='2. Manylion Prosiect'!D102 | E34: ='2. Manylion Prosiect'!F102 | F34: ='2. Manylion Prosiect'!H102 | G34: ='2. Manylion Prosiect'!J102 | H34: ='2. Manylion Prosiect'!L102 | I34: ='2. Manylion Prosiect'!N102 | J34: ='2. Manylion Prosiect'!P102 | K34: ='2. Manylion Prosiect'!R102 | L34: ='2. Manylion Prosiect'!T102 | M34: ='2. Manylion Prosiect'!V102
B36: Enabling & Energy Efficiency
C37: ='2. Manylion Prosiect'!C111 -> Nodwch tymheredd y cynllun ar gyfer y prosiect:
C38: ='2. Manylion Prosiect'!C112 -> Tymheredd llif allbwn gwresogi | D38: ='2. Manylion Prosiect'!D112 -> 0 | E38: ='2. Manylion Prosiect'!F112 -> 0 | F38: ='2. Manylion Prosiect'!H112 -> 0 | G38: ='2. Manylion Prosiect'!J112 -> 0 | H38: ='2. Manylion Prosiect'!L112 -> 0 | I38: ='2. Manylion Prosiect'!N112 -> 0 | J38: ='2. Manylion Prosiect'!P112 -> 0 | K38: ='2. Manylion Prosiect'!R112 -> 0 | L38: ='2. Manylion Prosiect'!T112 -> 0 | M38: ='2. Manylion Prosiect'!V112 -> 0
C39: ='2. Manylion Prosiect'!C114 -> Tymheredd dŵr poeth domestig | D39: ='2. Manylion Prosiect'!D114 -> 0 | E39: ='2. Manylion Prosiect'!F114 -> 0 | F39: ='2. Manylion Prosiect'!H114 -> 0 | G39: ='2. Manylion Prosiect'!J114 -> 0 | H39: ='2. Manylion Prosiect'!L114 -> 0 | I39: ='2. Manylion Prosiect'!N114 -> 0 | J39: ='2. Manylion Prosiect'!P114 -> 0 | K39: ='2. Manylion Prosiect'!R114 -> 0 | L39: ='2. Manylion Prosiect'!T114 -> 0 | M39: ='2. Manylion Prosiect'!V114 -> 0
C41: ='2. Manylion Prosiect'!C117 -> Nodwch os yw'r mesurau canlynol wedi'u cynnwys yn eich prosiect:
C42: ='2. Manylion Prosiect'!C118 -> Amnewid rheiddiaduron | D42: ='2. Manylion Prosiect'!D118 -> Dewiswch | E42: ='2. Manylion Prosiect'!F118 -> Dewiswch | F42: ='2. Manylion Prosiect'!H118 -> Dewiswch | G42: ='2. Manylion Prosiect'!J118 -> Dewiswch | H42: ='2. Manylion Prosiect'!L118 -> Dewiswch | I42: ='2. Manylion Prosiect'!N118 -> Dewiswch | J42: ='2. Manylion Prosiect'!P118 -> Dewiswch | K42: ='2. Manylion Prosiect'!R118 -> Dewiswch | L42: ='2. Manylion Prosiect'!T118 -> Dewiswch | M42: ='2. Manylion Prosiect'!V118 -> Dewiswch
C43: ='2. Manylion Prosiect'!C120 -> Amnewid coiliau gwresogi Unedau Trin Aer (AHU) | D43: ='2. Manylion Prosiect'!D120 -> Dewiswch | E43: ='2. Manylion Prosiect'!F120 -> Dewiswch | F43: ='2. Manylion Prosiect'!H120 -> Dewiswch | G43: ='2. Manylion Prosiect'!J120 -> Dewiswch | H43: ='2. Manylion Prosiect'!L120 -> Dewiswch | I43: ='2. Manylion Prosiect'!N120 -> Dewiswch | J43: ='2. Manylion Prosiect'!P120 -> Dewiswch | K43: ='2. Manylion Prosiect'!R120 -> Dewiswch | L43: ='2. Manylion Prosiect'!T120 -> Dewiswch | M43: ='2. Manylion Prosiect'!V120 -> Dewiswch
C44: ='2. Manylion Prosiect'!C122 -> Uwchraddio cylched gwresogi | D44: ='2. Manylion Prosiect'!D122 -> Dewiswch | E44: ='2. Manylion Prosiect'!F122 -> Dewiswch | F44: ='2. Manylion Prosiect'!H122 -> Dewiswch | G44: ='2. Manylion Prosiect'!J122 -> Dewiswch | H44: ='2. Manylion Prosiect'!L122 -> Dewiswch | I44: ='2. Manylion Prosiect'!N122 -> Dewiswch | J44: ='2. Manylion Prosiect'!P122 -> Dewiswch | K44: ='2. Manylion Prosiect'!R122 -> Dewiswch | L44: ='2. Manylion Prosiect'!T122 -> Dewiswch | M44: ='2. Manylion Prosiect'!V122 -> Dewiswch
C45: ='2. Manylion Prosiect'!C124 -> System rheoli batri (BMS) a rheolaethau | D45: ='2. Manylion Prosiect'!D124 -> Dewiswch | E45: ='2. Manylion Prosiect'!F124 -> Dewiswch | F45: ='2. Manylion Prosiect'!H124 -> Dewiswch | G45: ='2. Manylion Prosiect'!J124 -> Dewiswch | H45: ='2. Manylion Prosiect'!L124 -> Dewiswch | I45: ='2. Manylion Prosiect'!N124 -> Dewiswch | J45: ='2. Manylion Prosiect'!P124 -> Dewiswch | K45: ='2. Manylion Prosiect'!R124 -> Dewiswch | L45: ='2. Manylion Prosiect'!T124 -> Dewiswch | M45: ='2. Manylion Prosiect'!V124 -> Dewiswch
C46: ='2. Manylion Prosiect'!C126 -> Arall (nodwch): | D46: ='2. Manylion Prosiect'!D126 -> 0 | E46: ='2. Manylion Prosiect'!F126 -> 0 | F46: ='2. Manylion Prosiect'!H126 -> 0 | G46: ='2. Manylion Prosiect'!J126 -> 0 | H46: ='2. Manylion Prosiect'!L126 -> 0 | I46: ='2. Manylion Prosiect'!N126 -> 0 | J46: ='2. Manylion Prosiect'!P126 -> 0 | K46: ='2. Manylion Prosiect'!R126 -> 0 | L46: ='2. Manylion Prosiect'!T126 -> 0 | M46: ='2. Manylion Prosiect'!V126 -> 0
C47: ='2. Manylion Prosiect'!C128 -> A fydd eich mesurau galluogi yn lleihau eich galw gwres brig? Os bydd, faint yw'r gostyngiad(kW)? Os na, gadewch yn wag. Os nad ydych yn siŵr, gadewch yn wag. | D47: ='2. Manylion Prosiect'!D128 -> 0 | E47: ='2. Manylion Prosiect'!F128 -> 0 | F47: ='2. Manylion Prosiect'!H128 -> 0 | G47: ='2. Manylion Prosiect'!J128 -> 0 | H47: ='2. Manylion Prosiect'!L128 -> 0 | I47: ='2. Manylion Prosiect'!N128 -> 0 | J47: ='2. Manylion Prosiect'!P128 -> 0 | K47: ='2. Manylion Prosiect'!R128 -> 0 | L47: ='2. Manylion Prosiect'!T128 -> 0 | M47: ='2. Manylion Prosiect'!V128 -> 0
C49: ='2. Manylion Prosiect'!C133 -> Nodwch os yw'r mesurau canlynol wedi'u cynnwys yn eich prosiect:
C50: ='2. Manylion Prosiect'!C134 -> Inswleiddio'r llofft | D50: ='2. Manylion Prosiect'!D134 -> Dewiswch | E50: ='2. Manylion Prosiect'!F134 -> Dewiswch | F50: ='2. Manylion Prosiect'!H134 -> Dewiswch | G50: ='2. Manylion Prosiect'!J134 -> Dewiswch | H50: ='2. Manylion Prosiect'!L134 -> Dewiswch | I50: ='2. Manylion Prosiect'!N134 -> Dewiswch | J50: ='2. Manylion Prosiect'!P134 -> Dewiswch | K50: ='2. Manylion Prosiect'!R134 -> Dewiswch | L50: ='2. Manylion Prosiect'!T134 -> Dewiswch | M50: ='2. Manylion Prosiect'!V134 -> Dewiswch
C51: ='2. Manylion Prosiect'!C136 -> Inswleiddio wal ceudod (lle bo'n addas) | D51: ='2. Manylion Prosiect'!D136 -> Dewiswch | E51: ='2. Manylion Prosiect'!F136 -> Dewiswch | F51: ='2. Manylion Prosiect'!H136 -> Dewiswch | G51: ='2. Manylion Prosiect'!J136 -> Dewiswch | H51: ='2. Manylion Prosiect'!L136 -> Dewiswch | I51: ='2. Manylion Prosiect'!N136 -> Dewiswch | J51: ='2. Manylion Prosiect'!P136 -> Dewiswch | K51: ='2. Manylion Prosiect'!R136 -> Dewiswch | L51: ='2. Manylion Prosiect'!T136 -> Dewiswch | M51: ='2. Manylion Prosiect'!V136 -> Dewiswch
C52: ='2. Manylion Prosiect'!C138 -> Atal drafftiau ffenestr / drws | D52: ='2. Manylion Prosiect'!D138 -> Dewiswch | E52: ='2. Manylion Prosiect'!F138 -> Dewiswch | F52: ='2. Manylion Prosiect'!H138 -> Dewiswch | G52: ='2. Manylion Prosiect'!J138 -> Dewiswch | H52: ='2. Manylion Prosiect'!L138 -> Dewiswch | I52: ='2. Manylion Prosiect'!N138 -> Dewiswch | J52: ='2. Manylion Prosiect'!P138 -> Dewiswch | K52: ='2. Manylion Prosiect'!R138 -> Dewiswch | L52: ='2. Manylion Prosiect'!T138 -> Dewiswch | M52: ='2. Manylion Prosiect'!V138 -> Dewiswch
C53: ='2. Manylion Prosiect'!C140 -> Arall (nodwch): | D53: ='2. Manylion Prosiect'!D140 -> 0 | E53: ='2. Manylion Prosiect'!F140 -> 0 | F53: ='2. Manylion Prosiect'!H140 -> 0 | G53: ='2. Manylion Prosiect'!J140 -> 0 | H53: ='2. Manylion Prosiect'!L140 -> 0 | I53: ='2. Manylion Prosiect'!N140 -> 0 | J53: ='2. Manylion Prosiect'!P140 -> 0 | K53: ='2. Manylion Prosiect'!R140 -> 0 | L53: ='2. Manylion Prosiect'!T140 -> 0 | M53: ='2. Manylion Prosiect'!V140 -> 0
C54: ='2. Manylion Prosiect'!C144 -> Beth yw'r arbedion gwres wedi'u cyfrifo o'r mesurau hyn? allbwn kWh y flwyddyn | D54: ='2. Manylion Prosiect'!D144 -> 0 | E54: ='2. Manylion Prosiect'!F144 -> 0 | F54: ='2. Manylion Prosiect'!H144 -> 0 | G54: ='2. Manylion Prosiect'!J144 -> 0 | H54: ='2. Manylion Prosiect'!L144 -> 0 | I54: ='2. Manylion Prosiect'!N144 -> 0 | J54: ='2. Manylion Prosiect'!P144 -> 0 | K54: ='2. Manylion Prosiect'!R144 -> 0 | L54: ='2. Manylion Prosiect'!T144 -> 0 | M54: ='2. Manylion Prosiect'!V144 -> 0
B56: Low Carbon Heat Generation
C57: ='2. Manylion Prosiect'!C151 -> A oes angen cynhyrchu gwres ychwanegol ar gyfer gwresogi? h.y. os na all y pwmp gwres ddarparu'r llwyth llawn | D57: ='2. Manylion Prosiect'!D151 -> Na | E57: ='2. Manylion Prosiect'!F151 -> Na | F57: ='2. Manylion Prosiect'!H151 -> Na | G57: ='2. Manylion Prosiect'!J151 -> Na | H57: ='2. Manylion Prosiect'!L151 -> Na | I57: ='2. Manylion Prosiect'!N151 -> Na | J57: ='2. Manylion Prosiect'!P151 -> Na | K57: ='2. Manylion Prosiect'!R151 -> Na | L57: ='2. Manylion Prosiect'!T151 -> Na | M57: ='2. Manylion Prosiect'!V151 -> Na
C58: ='2. Manylion Prosiect'!C153 -> A oes angen cynhyrchu gwres pellach ar gyfer dŵr poeth domestig neu ddefnydd gwres arall? | D58: ='2. Manylion Prosiect'!D153 -> Na | E58: ='2. Manylion Prosiect'!F153 -> Na | F58: ='2. Manylion Prosiect'!H153 -> Na | G58: ='2. Manylion Prosiect'!J153 -> Na | H58: ='2. Manylion Prosiect'!L153 -> Na | I58: ='2. Manylion Prosiect'!N153 -> Na | J58: ='2. Manylion Prosiect'!P153 -> Na | K58: ='2. Manylion Prosiect'!R153 -> Na | L58: ='2. Manylion Prosiect'!T153 -> Na | M58: ='2. Manylion Prosiect'!V153 -> Na
C60: Primary low carbon heat generation
C61: ='2. Manylion Prosiect'!C157 -> Prif fath o dechnoleg cynhyrchu gwres carbon isel | D61: ='2. Manylion Prosiect'!D157 -> Dewiswch | E61: ='2. Manylion Prosiect'!F157 -> Dewiswch | F61: ='2. Manylion Prosiect'!H157 -> Dewiswch | G61: ='2. Manylion Prosiect'!J157 -> Dewiswch | H61: ='2. Manylion Prosiect'!L157 -> Dewiswch | I61: ='2. Manylion Prosiect'!N157 -> Dewiswch | J61: ='2. Manylion Prosiect'!P157 -> Dewiswch | K61: ='2. Manylion Prosiect'!R157 -> Dewiswch | L61: ='2. Manylion Prosiect'!T157 -> Dewiswch | M61: ='2. Manylion Prosiect'!V157 -> Dewiswch
C62: ='2. Manylion Prosiect'!C161 -> Capasiti wedi'i osod (gwres kW) | D62: ='2. Manylion Prosiect'!D161 -> 0 | E62: ='2. Manylion Prosiect'!F161 -> 0 | F62: ='2. Manylion Prosiect'!H161 -> 0 | G62: ='2. Manylion Prosiect'!J161 -> 0 | H62: ='2. Manylion Prosiect'!L161 -> 0 | I62: ='2. Manylion Prosiect'!N161 -> 0 | J62: ='2. Manylion Prosiect'!P161 -> 0 | K62: ='2. Manylion Prosiect'!R161 -> 0 | L62: ='2. Manylion Prosiect'!T161 -> 0 | M62: ='2. Manylion Prosiect'!V161 -> 0
C63: ='2. Manylion Prosiect'!C167 -> Cyfernod Tymhorol Disgwyliedig o Berfformiad / Effeithlonrwydd | D63: ='2. Manylion Prosiect'!D167 | E63: ='2. Manylion Prosiect'!F167 | F63: ='2. Manylion Prosiect'!H167 | G63: ='2. Manylion Prosiect'!J167 | H63: ='2. Manylion Prosiect'!L167 | I63: ='2. Manylion Prosiect'!N167 | J63: ='2. Manylion Prosiect'!P167 | K63: ='2. Manylion Prosiect'!R167 | L63: ='2. Manylion Prosiect'!T167 | M63: ='2. Manylion Prosiect'!V167
C65: Secondary low carbon heat generation
C66: ='2. Manylion Prosiect'!C175 -> Math o ddefnydd ar gyfer gwres | D66: ='2. Manylion Prosiect'!D175 -> Dewiswch | E66: ='2. Manylion Prosiect'!F175 -> Dewiswch | F66: ='2. Manylion Prosiect'!H175 -> Dewiswch | G66: ='2. Manylion Prosiect'!J175 -> Dewiswch | H66: ='2. Manylion Prosiect'!L175 -> Dewiswch | I66: ='2. Manylion Prosiect'!N175 -> Dewiswch | J66: ='2. Manylion Prosiect'!P175 -> Dewiswch | K66: ='2. Manylion Prosiect'!R175 -> Dewiswch | L66: ='2. Manylion Prosiect'!T175 -> Dewiswch | M66: ='2. Manylion Prosiect'!V175 -> Dewiswch
C67: ='2. Manylion Prosiect'!C177 -> Math o dechnoleg cynhyrchu gwres | D67: ='2. Manylion Prosiect'!D177 -> Dewiswch | E67: ='2. Manylion Prosiect'!F177 -> Dewiswch | F67: ='2. Manylion Prosiect'!H177 -> Dewiswch | G67: ='2. Manylion Prosiect'!J177 -> Dewiswch | H67: ='2. Manylion Prosiect'!L177 -> Dewiswch | I67: ='2. Manylion Prosiect'!N177 -> Dewiswch | J67: ='2. Manylion Prosiect'!P177 -> Dewiswch | K67: ='2. Manylion Prosiect'!R177 -> Dewiswch | L67: ='2. Manylion Prosiect'!T177 -> Dewiswch | M67: ='2. Manylion Prosiect'!V177 -> Dewiswch
C68: ='2. Manylion Prosiect'!C181 -> Capasiti wedi'i osod (gwres kW) | D68: ='2. Manylion Prosiect'!D181 -> 0 | E68: ='2. Manylion Prosiect'!F181 -> 0 | F68: ='2. Manylion Prosiect'!H181 -> 0 | G68: ='2. Manylion Prosiect'!J181 -> 0 | H68: ='2. Manylion Prosiect'!L181 -> 0 | I68: ='2. Manylion Prosiect'!N181 -> 0 | J68: ='2. Manylion Prosiect'!P181 -> 0 | K68: ='2. Manylion Prosiect'!R181 -> 0 | L68: ='2. Manylion Prosiect'!T181 -> 0 | M68: ='2. Manylion Prosiect'!V181 -> 0
C69: ='2. Manylion Prosiect'!C187 -> Cyfernod Tymhorol Disgwyliedig o Berfformiad / Effeithlonrwydd | D69: ='2. Manylion Prosiect'!D187 | E69: ='2. Manylion Prosiect'!F187 | F69: ='2. Manylion Prosiect'!H187 | G69: ='2. Manylion Prosiect'!J187 | H69: ='2. Manylion Prosiect'!L187 | I69: ='2. Manylion Prosiect'!N187 | J69: ='2. Manylion Prosiect'!P187 | K69: ='2. Manylion Prosiect'!R187 | L69: ='2. Manylion Prosiect'!T187 | M69: ='2. Manylion Prosiect'!V187
C71: Further low carbon heat generation
C72: ='2. Manylion Prosiect'!C196 -> Math o ddefnydd ar gyfer gwres | D72: ='2. Manylion Prosiect'!D196 -> Dewiswch | E72: ='2. Manylion Prosiect'!F196 -> Dewiswch | F72: ='2. Manylion Prosiect'!H196 -> Dewiswch | G72: ='2. Manylion Prosiect'!J196 -> Dewiswch | H72: ='2. Manylion Prosiect'!L196 -> Dewiswch | I72: ='2. Manylion Prosiect'!N196 -> Dewiswch | J72: ='2. Manylion Prosiect'!P196 -> Dewiswch | K72: ='2. Manylion Prosiect'!R196 -> Dewiswch | L72: ='2. Manylion Prosiect'!T196 -> Dewiswch | M72: ='2. Manylion Prosiect'!V196 -> Dewiswch
C73: ='2. Manylion Prosiect'!C198 -> Math o dechnoleg cynhyrchu gwres | D73: ='2. Manylion Prosiect'!D198 -> Dewiswch | E73: ='2. Manylion Prosiect'!F198 -> Dewiswch | F73: ='2. Manylion Prosiect'!H198 -> Dewiswch | G73: ='2. Manylion Prosiect'!J198 -> Dewiswch | H73: ='2. Manylion Prosiect'!L198 -> Dewiswch | I73: ='2. Manylion Prosiect'!N198 -> Dewiswch | J73: ='2. Manylion Prosiect'!P198 -> Dewiswch | K73: ='2. Manylion Prosiect'!R198 -> Dewiswch | L73: ='2. Manylion Prosiect'!T198 -> Dewiswch | M73: ='2. Manylion Prosiect'!V198 -> Dewiswch
C74: ='2. Manylion Prosiect'!C202 -> Capasiti wedi'i osod (gwres kW) | D74: ='2. Manylion Prosiect'!D202 -> 0 | E74: ='2. Manylion Prosiect'!F202 -> 0 | F74: ='2. Manylion Prosiect'!H202 -> 0 | G74: ='2. Manylion Prosiect'!J202 -> 0 | H74: ='2. Manylion Prosiect'!L202 -> 0 | I74: ='2. Manylion Prosiect'!N202 -> 0 | J74: ='2. Manylion Prosiect'!P202 -> 0 | K74: ='2. Manylion Prosiect'!R202 -> 0 | L74: ='2. Manylion Prosiect'!T202 -> 0 | M74: ='2. Manylion Prosiect'!V202 -> 0
C75: ='2. Manylion Prosiect'!C208 -> Cyfernod Tymhorol Disgwyliedig o Berfformiad / Effeithlonrwydd | D75: ='2. Manylion Prosiect'!D208 | E75: ='2. Manylion Prosiect'!F208 | F75: ='2. Manylion Prosiect'!H208 | G75: ='2. Manylion Prosiect'!J208 | H75: ='2. Manylion Prosiect'!L208 | I75: ='2. Manylion Prosiect'!N208 | J75: ='2. Manylion Prosiect'!P208 | K75: ='2. Manylion Prosiect'!R208 | L75: ='2. Manylion Prosiect'!T208 | M75: ='2. Manylion Prosiect'!V208 | N75: ='2. Manylion Prosiect'!N208
B77: Summary of low carbon heat generation
C78: ='2. Manylion Prosiect'!C218 -> Canran y galw am wres carbon isel o'i gymharu â'r presennol (minws gostyngiadau effeithlonrwydd ynni) | D78: ='2. Manylion Prosiect'!D218 | E78: ='2. Manylion Prosiect'!F218 | F78: ='2. Manylion Prosiect'!H218 | G78: ='2. Manylion Prosiect'!J218 | H78: ='2. Manylion Prosiect'!L218 | I78: ='2. Manylion Prosiect'!N218 | J78: ='2. Manylion Prosiect'!P218 | K78: ='2. Manylion Prosiect'!R218 | L78: ='2. Manylion Prosiect'!T218 | M78: ='2. Manylion Prosiect'!V218
C79: ='2. Manylion Prosiect'!C220 -> Canran o’r gwres a wasanaethir gan y prif fodd o gynhyrchu gwres | D79: ='2. Manylion Prosiect'!D220 | E79: ='2. Manylion Prosiect'!F220 | F79: ='2. Manylion Prosiect'!H220 | G79: ='2. Manylion Prosiect'!J220 | H79: ='2. Manylion Prosiect'!L220 | I79: ='2. Manylion Prosiect'!N220 | J79: ='2. Manylion Prosiect'!P220 | K79: ='2. Manylion Prosiect'!R220 | L79: ='2. Manylion Prosiect'!T220 | M79: ='2. Manylion Prosiect'!V220
C80: ='2. Manylion Prosiect'!C221 -> Canran o’r gwres a wasanaethir gan gynhyrchu gwres eilaidd | D80: ='2. Manylion Prosiect'!D221 | E80: ='2. Manylion Prosiect'!F221 | F80: ='2. Manylion Prosiect'!H221 | G80: ='2. Manylion Prosiect'!J221 | H80: ='2. Manylion Prosiect'!L221 | I80: ='2. Manylion Prosiect'!N221 | J80: ='2. Manylion Prosiect'!P221 | K80: ='2. Manylion Prosiect'!R221 | L80: ='2. Manylion Prosiect'!T221 | M80: ='2. Manylion Prosiect'!V221
C81: ='2. Manylion Prosiect'!C222 -> Canran o’r gwres a wasanaethir gan gynhyrchu gwres pellach | D81: ='2. Manylion Prosiect'!D222 | E81: ='2. Manylion Prosiect'!F222 | F81: ='2. Manylion Prosiect'!H222 | G81: ='2. Manylion Prosiect'!J222 | H81: ='2. Manylion Prosiect'!L222 | I81: ='2. Manylion Prosiect'!N222 | J81: ='2. Manylion Prosiect'!P222 | K81: ='2. Manylion Prosiect'!R222 | L81: ='2. Manylion Prosiect'!T222 | M81: ='2. Manylion Prosiect'!V222
C83: ='2. Manylion Prosiect'!C224 -> Cyfanswm y capasiti wedi'i osod (kW) | D83: ='2. Manylion Prosiect'!D224 | E83: ='2. Manylion Prosiect'!F224 | F83: ='2. Manylion Prosiect'!H224 | G83: ='2. Manylion Prosiect'!J224 | H83: ='2. Manylion Prosiect'!L224 | I83: ='2. Manylion Prosiect'!N224 | J83: ='2. Manylion Prosiect'!P224 | K83: ='2. Manylion Prosiect'!R224 | L83: ='2. Manylion Prosiect'!T224 | M83: ='2. Manylion Prosiect'!V224
C84: ='2. Manylion Prosiect'!C226 -> Canran capasiti gwres carbon isel o'i gymharu â phresennol (minws galluogi gwaith lleihau llwyth gwres brig) | D84: ='2. Manylion Prosiect'!D226 | E84: ='2. Manylion Prosiect'!F226 | F84: ='2. Manylion Prosiect'!H226 | G84: ='2. Manylion Prosiect'!J226 | H84: ='2. Manylion Prosiect'!L226 | I84: ='2. Manylion Prosiect'!N226 | J84: ='2. Manylion Prosiect'!P226 | K84: ='2. Manylion Prosiect'!R226 | L84: ='2. Manylion Prosiect'!T226 | M84: ='2. Manylion Prosiect'!V226
C86: ='2. Manylion Prosiect'!C234 -> Allyriadau CO2e fesul gwres kWh (gCO2e/kWh) | D86: ='2. Manylion Prosiect'!D234 | E86: ='2. Manylion Prosiect'!F234 | F86: ='2. Manylion Prosiect'!H234 | G86: ='2. Manylion Prosiect'!J234 | H86: ='2. Manylion Prosiect'!L234 | I86: ='2. Manylion Prosiect'!N234 | J86: ='2. Manylion Prosiect'!P234 | K86: ='2. Manylion Prosiect'!R234 | L86: ='2. Manylion Prosiect'!T234 | M86: ='2. Manylion Prosiect'!V234
P88: PROJECT TIMELINE | R88: PROJECT TIMELINE
B89: Project Timeline | P89: Evaluation Response: | R89: Evaluation Commentary:
C90: ='2. Manylion Prosiect'!C243 -> Proses Dendro (os yw'n berthnasol) | D90: ='2. Manylion Prosiect'!D243 -> 0 | E90: ='2. Manylion Prosiect'!F243 -> 0 | F90: ='2. Manylion Prosiect'!H243 -> 0 | G90: ='2. Manylion Prosiect'!J243 -> 0 | H90: ='2. Manylion Prosiect'!L243 -> 0 | I90: ='2. Manylion Prosiect'!N243 -> 0 | J90: ='2. Manylion Prosiect'!P243 -> 0 | K90: ='2. Manylion Prosiect'!R243 -> 0 | L90: ='2. Manylion Prosiect'!T243 -> 0 | M90: ='2. Manylion Prosiect'!V243 -> 0
C91: ='2. Manylion Prosiect'!C244 -> Dyfarniad Contractwr | D91: ='2. Manylion Prosiect'!D244 -> 0 | E91: ='2. Manylion Prosiect'!F244 -> 0 | F91: ='2. Manylion Prosiect'!H244 -> 0 | G91: ='2. Manylion Prosiect'!J244 -> 0 | H91: ='2. Manylion Prosiect'!L244 -> 0 | I91: ='2. Manylion Prosiect'!N244 -> 0 | J91: ='2. Manylion Prosiect'!P244 -> 0 | K91: ='2. Manylion Prosiect'!R244 -> 0 | L91: ='2. Manylion Prosiect'!T244 -> 0 | M91: ='2. Manylion Prosiect'!V244 -> 0
C92: ='2. Manylion Prosiect'!C245 -> Archeb Offer | D92: ='2. Manylion Prosiect'!D245 -> 0 | E92: ='2. Manylion Prosiect'!F245 -> 0 | F92: ='2. Manylion Prosiect'!H245 -> 0 | G92: ='2. Manylion Prosiect'!J245 -> 0 | H92: ='2. Manylion Prosiect'!L245 -> 0 | I92: ='2. Manylion Prosiect'!N245 -> 0 | J92: ='2. Manylion Prosiect'!P245 -> 0 | K92: ='2. Manylion Prosiect'!R245 -> 0 | L92: ='2. Manylion Prosiect'!T245 -> 0 | M92: ='2. Manylion Prosiect'!V245 -> 0
C93: ='2. Manylion Prosiect'!C246 -> Gwaith ar y safle yn dechrau | D93: ='2. Manylion Prosiect'!D246 -> 0 | E93: ='2. Manylion Prosiect'!F246 -> 0 | F93: ='2. Manylion Prosiect'!H246 -> 0 | G93: ='2. Manylion Prosiect'!J246 -> 0 | H93: ='2. Manylion Prosiect'!L246 -> 0 | I93: ='2. Manylion Prosiect'!N246 -> 0 | J93: ='2. Manylion Prosiect'!P246 -> 0 | K93: ='2. Manylion Prosiect'!R246 -> 0 | L93: ='2. Manylion Prosiect'!T246 -> 0 | M93: ='2. Manylion Prosiect'!V246 -> 0
C94: ='2. Manylion Prosiect'!C247 -> Gwaith ar y safle'n gyflawn / Gwres Ymlaen | D94: ='2. Manylion Prosiect'!D247 -> 0 | E94: ='2. Manylion Prosiect'!F247 -> 0 | F94: ='2. Manylion Prosiect'!H247 -> 0 | G94: ='2. Manylion Prosiect'!J247 -> 0 | H94: ='2. Manylion Prosiect'!L247 -> 0 | I94: ='2. Manylion Prosiect'!N247 -> 0 | J94: ='2. Manylion Prosiect'!P247 -> 0 | K94: ='2. Manylion Prosiect'!R247 -> 0 | L94: ='2. Manylion Prosiect'!T247 -> 0 | M94: ='2. Manylion Prosiect'!V247 -> 0
C96: ='2. Manylion Prosiect'!C249 -> Nodwch pa gam o'r broses gaffael y mae'r prosiect hwn ar hyn o bryd | D96: ='2. Manylion Prosiect'!D249 -> Dewiswch | E96: ='2. Manylion Prosiect'!F249 -> Dewiswch | F96: ='2. Manylion Prosiect'!H249 -> Dewiswch | G96: ='2. Manylion Prosiect'!J249 -> Dewiswch | H96: ='2. Manylion Prosiect'!L249 -> Dewiswch | I96: ='2. Manylion Prosiect'!N249 -> Dewiswch | J96: ='2. Manylion Prosiect'!P249 -> Dewiswch | K96: ='2. Manylion Prosiect'!R249 -> Dewiswch | L96: ='2. Manylion Prosiect'!T249 -> Dewiswch | M96: ='2. Manylion Prosiect'!V249 -> Dewiswch
C98: ='2. Manylion Prosiect'!C251 -> Nodwch sefyllfa y prosiect ar ganiatâd cynllunio | D98: ='2. Manylion Prosiect'!D251 -> Dewiswch | E98: ='2. Manylion Prosiect'!F251 -> Dewiswch | F98: ='2. Manylion Prosiect'!H251 -> Dewiswch | G98: ='2. Manylion Prosiect'!J251 -> Dewiswch | H98: ='2. Manylion Prosiect'!L251 -> Dewiswch | I98: ='2. Manylion Prosiect'!N251 -> Dewiswch | J98: ='2. Manylion Prosiect'!P251 -> Dewiswch | K98: ='2. Manylion Prosiect'!R251 -> Dewiswch | L98: ='2. Manylion Prosiect'!T251 -> Dewiswch | M98: ='2. Manylion Prosiect'!V251 -> Dewiswch
C101: ='2. Manylion Prosiect'!C253 -> Nodwch sefyllfa'r prosiect ar ddiweddariadau / ymgysylltu Gweithredwr Rhwydwaith Ardal (DNO) | D101: ='2. Manylion Prosiect'!D253 -> Dewiswch | E101: ='2. Manylion Prosiect'!F253 -> Dewiswch | F101: ='2. Manylion Prosiect'!H253 -> Dewiswch | G101: ='2. Manylion Prosiect'!J253 -> Dewiswch | H101: ='2. Manylion Prosiect'!L253 -> Dewiswch | I101: ='2. Manylion Prosiect'!N253 -> Dewiswch | J101: ='2. Manylion Prosiect'!P253 -> Dewiswch | K101: ='2. Manylion Prosiect'!R253 -> Dewiswch | L101: ='2. Manylion Prosiect'!T253 -> Dewiswch | M101: ='2. Manylion Prosiect'!V253 -> Dewiswch
B105: 3. Eligible Costs Breakdown | P105: ELIGIBLE COSTS BREAKDOWN
B107: Cost Breakdown | D107: 1 | E107: 2 | F107: 3 | G107: 4 | H107: 5 | I107: 6 | J107: 7 | K107: 8 | L107: 9 | M107: 10 | P107: Evaluation Response: | R107: Evaluation Commentary:
C108: ='3. Manylion Costau Cymwys'!C13 -> Cynllun Terfynol a Rheoli Prosiectau (£) | D108: ='3. Manylion Costau Cymwys'!K13 -> 0 | E108: ='3. Manylion Costau Cymwys'!M13 -> 0 | F108: ='3. Manylion Costau Cymwys'!O13 -> 0 | G108: ='3. Manylion Costau Cymwys'!Q13 -> 0 | H108: ='3. Manylion Costau Cymwys'!S13 -> 0 | I108: ='3. Manylion Costau Cymwys'!U13 -> 0 | J108: ='3. Manylion Costau Cymwys'!W13 -> 0 | K108: ='3. Manylion Costau Cymwys'!Y13 -> 0 | L108: ='3. Manylion Costau Cymwys'!AA13 -> 0 | M108: ='3. Manylion Costau Cymwys'!AC13 -> 0
C109: ='3. Manylion Costau Cymwys'!C14 -> % cyfanswm y gost | D109: ='3. Manylion Costau Cymwys'!K14 | E109: ='3. Manylion Costau Cymwys'!M14 | F109: ='3. Manylion Costau Cymwys'!O14 | G109: ='3. Manylion Costau Cymwys'!Q14 | H109: ='3. Manylion Costau Cymwys'!S14 | I109: ='3. Manylion Costau Cymwys'!U14 | J109: ='3. Manylion Costau Cymwys'!W14 | K109: ='3. Manylion Costau Cymwys'!Y14 | L109: ='3. Manylion Costau Cymwys'!AA14 | M109: ='3. Manylion Costau Cymwys'!AC14
C110: ='3. Manylion Costau Cymwys'!C16 -> Costau Offer - Gorsaf Wres (£) | D110: ='3. Manylion Costau Cymwys'!K16 -> 0 | E110: ='3. Manylion Costau Cymwys'!M16 -> 0 | F110: ='3. Manylion Costau Cymwys'!O16 -> 0 | G110: ='3. Manylion Costau Cymwys'!Q16 -> 0 | H110: ='3. Manylion Costau Cymwys'!S16 -> 0 | I110: ='3. Manylion Costau Cymwys'!U16 -> 0 | J110: ='3. Manylion Costau Cymwys'!W16 -> 0 | K110: ='3. Manylion Costau Cymwys'!Y16 -> 0 | L110: ='3. Manylion Costau Cymwys'!AA16 -> 0 | M110: ='3. Manylion Costau Cymwys'!AC16 -> 0
C111: ='3. Manylion Costau Cymwys'!C17 -> £/kW | D111: ='3. Manylion Costau Cymwys'!K17 | E111: ='3. Manylion Costau Cymwys'!M17 | F111: ='3. Manylion Costau Cymwys'!O17 | G111: ='3. Manylion Costau Cymwys'!Q17 | H111: ='3. Manylion Costau Cymwys'!S17 | I111: ='3. Manylion Costau Cymwys'!U17 | J111: ='3. Manylion Costau Cymwys'!W17 | K111: ='3. Manylion Costau Cymwys'!Y17 | L111: ='3. Manylion Costau Cymwys'!AA17 | M111: ='3. Manylion Costau Cymwys'!AC17
C112: ='3. Manylion Costau Cymwys'!C18 -> % cyfanswm y gost | D112: ='3. Manylion Costau Cymwys'!K18 | E112: ='3. Manylion Costau Cymwys'!M18 | F112: ='3. Manylion Costau Cymwys'!O18 | G112: ='3. Manylion Costau Cymwys'!Q18 | H112: ='3. Manylion Costau Cymwys'!S18 | I112: ='3. Manylion Costau Cymwys'!U18 | J112: ='3. Manylion Costau Cymwys'!W18 | K112: ='3. Manylion Costau Cymwys'!Y18 | L112: ='3. Manylion Costau Cymwys'!AA18 | M112: ='3. Manylion Costau Cymwys'!AC18
C113: ='3. Manylion Costau Cymwys'!C20 -> Costau Offer - Gwaith Gwneuthuriad a Galluogi (£) | D113: ='3. Manylion Costau Cymwys'!K20 -> 0 | E113: ='3. Manylion Costau Cymwys'!M20 -> 0 | F113: ='3. Manylion Costau Cymwys'!O20 -> 0 | G113: ='3. Manylion Costau Cymwys'!Q20 -> 0 | H113: ='3. Manylion Costau Cymwys'!S20 -> 0 | I113: ='3. Manylion Costau Cymwys'!U20 -> 0 | J113: ='3. Manylion Costau Cymwys'!W20 -> 0 | K113: ='3. Manylion Costau Cymwys'!Y20 -> 0 | L113: ='3. Manylion Costau Cymwys'!AA20 -> 0 | M113: ='3. Manylion Costau Cymwys'!AC20 -> 0
C114: ='3. Manylion Costau Cymwys'!C21 -> % cyfanswm y gost | D114: ='3. Manylion Costau Cymwys'!K21 | E114: ='3. Manylion Costau Cymwys'!M21 | F114: ='3. Manylion Costau Cymwys'!O21 | G114: ='3. Manylion Costau Cymwys'!Q21 | H114: ='3. Manylion Costau Cymwys'!S21 | I114: ='3. Manylion Costau Cymwys'!U21 | J114: ='3. Manylion Costau Cymwys'!W21 | K114: ='3. Manylion Costau Cymwys'!Y21 | L114: ='3. Manylion Costau Cymwys'!AA21 | M114: ='3. Manylion Costau Cymwys'!AC21
C115: ='3. Manylion Costau Cymwys'!C23 -> Costau Gweithredwr Rhwydwaith Ardal (DNO) (£) | D115: ='3. Manylion Costau Cymwys'!K23 -> 0 | E115: ='3. Manylion Costau Cymwys'!M23 -> 0 | F115: ='3. Manylion Costau Cymwys'!O23 -> 0 | G115: ='3. Manylion Costau Cymwys'!Q23 -> 0 | H115: ='3. Manylion Costau Cymwys'!S23 -> 0 | I115: ='3. Manylion Costau Cymwys'!U23 -> 0 | J115: ='3. Manylion Costau Cymwys'!W23 -> 0 | K115: ='3. Manylion Costau Cymwys'!Y23 -> 0 | L115: ='3. Manylion Costau Cymwys'!AA23 -> 0 | M115: ='3. Manylion Costau Cymwys'!AC23 -> 0
C116: ='3. Manylion Costau Cymwys'!C24 -> % cyfanswm y gost | D116: ='3. Manylion Costau Cymwys'!K24 | E116: ='3. Manylion Costau Cymwys'!M24 | F116: ='3. Manylion Costau Cymwys'!O24 | G116: ='3. Manylion Costau Cymwys'!Q24 | H116: ='3. Manylion Costau Cymwys'!S24 | I116: ='3. Manylion Costau Cymwys'!U24 | J116: ='3. Manylion Costau Cymwys'!W24 | K116: ='3. Manylion Costau Cymwys'!Y24 | L116: ='3. Manylion Costau Cymwys'!AA24 | M116: ='3. Manylion Costau Cymwys'!AC24
C117: ='3. Manylion Costau Cymwys'!C26 -> Costau Gosod a Chomisiynu(£) | D117: ='3. Manylion Costau Cymwys'!K26 -> 0 | E117: ='3. Manylion Costau Cymwys'!M26 -> 0 | F117: ='3. Manylion Costau Cymwys'!O26 -> 0 | G117: ='3. Manylion Costau Cymwys'!Q26 -> 0 | H117: ='3. Manylion Costau Cymwys'!S26 -> 0 | I117: ='3. Manylion Costau Cymwys'!U26 -> 0 | J117: ='3. Manylion Costau Cymwys'!W26 -> 0 | K117: ='3. Manylion Costau Cymwys'!Y26 -> 0 | L117: ='3. Manylion Costau Cymwys'!AA26 -> 0 | M117: ='3. Manylion Costau Cymwys'!AC26 -> 0
C118: ='3. Manylion Costau Cymwys'!C27 -> % cyfanswm y gost | D118: ='3. Manylion Costau Cymwys'!K27 | E118: ='3. Manylion Costau Cymwys'!M27 | F118: ='3. Manylion Costau Cymwys'!O27 | G118: ='3. Manylion Costau Cymwys'!Q27 | H118: ='3. Manylion Costau Cymwys'!S27 | I118: ='3. Manylion Costau Cymwys'!U27 | J118: ='3. Manylion Costau Cymwys'!W27 | K118: ='3. Manylion Costau Cymwys'!Y27 | L118: ='3. Manylion Costau Cymwys'!AA27 | M118: ='3. Manylion Costau Cymwys'!AC27
C120: ='3. Manylion Costau Cymwys'!C30 -> Cyfanswm Costau'r Prosiect (£) | D120: ='3. Manylion Costau Cymwys'!K30 -> 0 | E120: ='3. Manylion Costau Cymwys'!M30 -> 0 | F120: ='3. Manylion Costau Cymwys'!O30 -> 0 | G120: ='3. Manylion Costau Cymwys'!Q30 -> 0 | H120: ='3. Manylion Costau Cymwys'!S30 -> 0 | I120: ='3. Manylion Costau Cymwys'!U30 -> 0 | J120: ='3. Manylion Costau Cymwys'!W30 -> 0 | K120: ='3. Manylion Costau Cymwys'!Y30 -> 0 | L120: ='3. Manylion Costau Cymwys'!AA30 -> 0 | M120: ='3. Manylion Costau Cymwys'!AC30 -> 0
C121: ='3. Manylion Costau Cymwys'!C36 -> Swm y grant y gofynnir amdano | D121: ='3. Manylion Costau Cymwys'!K36 -> 0 | E121: ='3. Manylion Costau Cymwys'!M36 -> 0 | F121: ='3. Manylion Costau Cymwys'!O36 -> 0 | G121: ='3. Manylion Costau Cymwys'!Q36 -> 0 | H121: ='3. Manylion Costau Cymwys'!S36 -> 0 | I121: ='3. Manylion Costau Cymwys'!U36 -> 0 | J121: ='3. Manylion Costau Cymwys'!W36 -> 0 | K121: ='3. Manylion Costau Cymwys'!Y36 -> 0 | L121: ='3. Manylion Costau Cymwys'!AA36 -> 0 | M121: ='3. Manylion Costau Cymwys'!AC36 -> 0
C122: ='3. Manylion Costau Cymwys'!C37 -> Canran o gyfanswm y costau y gofynnir amdanynt (Uchafswm cyfraniad yw 90%) | D122: ='3. Manylion Costau Cymwys'!K37 | E122: ='3. Manylion Costau Cymwys'!M37 | F122: ='3. Manylion Costau Cymwys'!O37 | G122: ='3. Manylion Costau Cymwys'!Q37 | H122: ='3. Manylion Costau Cymwys'!S37 | I122: ='3. Manylion Costau Cymwys'!U37 | J122: ='3. Manylion Costau Cymwys'!W37 | K122: ='3. Manylion Costau Cymwys'!Y37 | L122: ='3. Manylion Costau Cymwys'!AA37 | M122: ='3. Manylion Costau Cymwys'!AC37
C124: ='3. Manylion Costau Cymwys'!C43 -> Costau'n cael eu hariannu gan ffynonellau ariannu eraill | D124: ='3. Manylion Costau Cymwys'!K43 -> 0 | E124: ='3. Manylion Costau Cymwys'!M43 -> 0 | F124: ='3. Manylion Costau Cymwys'!O43 -> 0 | G124: ='3. Manylion Costau Cymwys'!Q43 -> 0 | H124: ='3. Manylion Costau Cymwys'!S43 -> 0 | I124: ='3. Manylion Costau Cymwys'!U43 -> 0 | J124: ='3. Manylion Costau Cymwys'!W43 -> 0 | K124: ='3. Manylion Costau Cymwys'!Y43 -> 0 | L124: ='3. Manylion Costau Cymwys'!AA43 -> 0 | M124: ='3. Manylion Costau Cymwys'!AC43 -> 0
C125: ='3. Manylion Costau Cymwys'!C45 -> Rhestrwch ffynonellau a symiau cyllido eraill sydd wedi'u cadarnhau
C126: ='3. Manylion Costau Cymwys'!D46 -> 0 | D126: ='3. Manylion Costau Cymwys'!K46 -> 0 | E126: ='3. Manylion Costau Cymwys'!M46 -> 0 | F126: ='3. Manylion Costau Cymwys'!O46 -> 0 | G126: ='3. Manylion Costau Cymwys'!Q46 -> 0 | H126: ='3. Manylion Costau Cymwys'!S46 -> 0 | I126: ='3. Manylion Costau Cymwys'!U46 -> 0 | J126: ='3. Manylion Costau Cymwys'!W46 -> 0 | K126: ='3. Manylion Costau Cymwys'!Y46 -> 0 | L126: ='3. Manylion Costau Cymwys'!AA46 -> 0 | M126: ='3. Manylion Costau Cymwys'!AC46 -> 0
...

Sheet HP_Value
C2: Summary information and Carbon Cost Effectiveness
A3: Building Number | E3: 1 | G3: 2 | I3: 3 | K3: 4 | M3: 5 | O3: 6 | Q3: 7 | S3: 8 | U3: 9 | W3: 10
A4: Grant Breakdown
D5: Maximum Eligible Grant Value | E5: ='3. Manylion Costau Cymwys'!K34 -> 0 | G5: ='3. Manylion Costau Cymwys'!M34 -> 0 | I5: ='3. Manylion Costau Cymwys'!O34 -> 0 | K5: ='3. Manylion Costau Cymwys'!Q34 -> 0 | M5: ='3. Manylion Costau Cymwys'!S34 -> 0 | O5: ='3. Manylion Costau Cymwys'!U34 -> 0 | Q5: ='3. Manylion Costau Cymwys'!W34 -> 0 | S5: ='3. Manylion Costau Cymwys'!Y34 -> 0 | U5: ='3. Manylion Costau Cymwys'!AA34 -> 0 | W5: ='3. Manylion Costau Cymwys'!AC34 -> 0
D6: Percentage Grant Request (%) | E6: ='3. Manylion Costau Cymwys'!K37 | G6: ='3. Manylion Costau Cymwys'!M37 | I6: ='3. Manylion Costau Cymwys'!O37 | K6: ='3. Manylion Costau Cymwys'!Q37 | M6: ='3. Manylion Costau Cymwys'!S37 | O6: ='3. Manylion Costau Cymwys'!U37 | Q6: ='3. Manylion Costau Cymwys'!W37 | S6: ='3. Manylion Costau Cymwys'!Y37 | U6: ='3. Manylion Costau Cymwys'!AA37 | W6: ='3. Manylion Costau Cymwys'!AC37
D7: Grant Requested | E7: ='3. Manylion Costau Cymwys'!K36 -> 0 | G7: ='3. Manylion Costau Cymwys'!M36 -> 0 | I7: ='3. Manylion Costau Cymwys'!O36 -> 0 | K7: ='3. Manylion Costau Cymwys'!Q36 -> 0 | M7: ='3. Manylion Costau Cymwys'!S36 -> 0 | O7: ='3. Manylion Costau Cymwys'!U36 -> 0 | Q7: ='3. Manylion Costau Cymwys'!W36 -> 0 | S7: ='3. Manylion Costau Cymwys'!Y36 -> 0 | U7: ='3. Manylion Costau Cymwys'!AA36 -> 0 | W7: ='3. Manylion Costau Cymwys'!AC36 -> 0
A9: Carbon Cost - Enabling Measures
D10: Existing Heat Demand | E10: ='2. Manylion Prosiect'!D94 | G10: ='2. Manylion Prosiect'!F94 | I10: ='2. Manylion Prosiect'!H94 | K10: ='2. Manylion Prosiect'!J94 | M10: ='2. Manylion Prosiect'!L94 | O10: ='2. Manylion Prosiect'!N94 | Q10: ='2. Manylion Prosiect'!P94 | S10: ='2. Manylion Prosiect'!R94 | U10: ='2. Manylion Prosiect'!T94 | W10: ='2. Manylion Prosiect'!V94
D11: Post Enabling Measures reduced heat demand | E11: ='2. Manylion Prosiect'!D146 | G11: ='2. Manylion Prosiect'!F146 | I11: ='2. Manylion Prosiect'!H146 | K11: ='2. Manylion Prosiect'!J146 | M11: ='2. Manylion Prosiect'!L146 | O11: ='2. Manylion Prosiect'!N146 | Q11: ='2. Manylion Prosiect'!P146 | S11: ='2. Manylion Prosiect'!R146 | U11: ='2. Manylion Prosiect'!T146 | W11: ='2. Manylion Prosiect'!V146
D12: Cost of Enabling Measures | E12: ='3. Manylion Costau Cymwys'!K20 -> 0 | G12: ='3. Manylion Costau Cymwys'!M20 -> 0 | I12: ='3. Manylion Costau Cymwys'!O20 -> 0 | K12: ='3. Manylion Costau Cymwys'!Q20 -> 0 | M12: ='3. Manylion Costau Cymwys'!S20 -> 0 | O12: ='3. Manylion Costau Cymwys'!U20 -> 0 | Q12: ='3. Manylion Costau Cymwys'!W20 -> 0 | S12: ='3. Manylion Costau Cymwys'!Y20 -> 0 | U12: ='3. Manylion Costau Cymwys'!AA20 -> 0 | W12: ='3. Manylion Costau Cymwys'!AC20 -> 0
D13: Cost per KWh decrease | E13: =IFERROR(E12/(E10-E11),"") | G13: =IFERROR(G12/(G10-G11),"") | I13: =IFERROR(I12/(I10-I11),"") | K13: =IFERROR(K12/(K10-K11),"") | M13: =IFERROR(M12/(M10-M11),"") | O13: =IFERROR(O12/(O10-O11),"") | Q13: =IFERROR(Q12/(Q10-Q11),"") | S13: =IFERROR(S12/(S10-S11),"") | U13: =IFERROR(U12/(U10-U11),"") | W13: =IFERROR(W12/(W10-W11),"")
A15: Carbon Cost - Proposed PRIMARY
D16: Source: | E16: ='2. Manylion Prosiect'!D157 -> Dewiswch | G16: ='2. Manylion Prosiect'!F157 -> Dewiswch | I16: ='2. Manylion Prosiect'!H157 -> Dewiswch | K16: ='2. Manylion Prosiect'!J157 -> Dewiswch | M16: ='2. Manylion Prosiect'!L157 -> Dewiswch | O16: ='2. Manylion Prosiect'!N157 -> Dewiswch | Q16: ='2. Manylion Prosiect'!P157 -> Dewiswch | S16: ='2. Manylion Prosiect'!R157 -> Dewiswch | U16: ='2. Manylion Prosiect'!T157 -> Dewiswch | W16: ='2. Manylion Prosiect'!V157 -> Dewiswch
D17: Heat Pump Capacity (kW) | E17: ='2. Manylion Prosiect'!D161 -> 0 | G17: ='2. Manylion Prosiect'!F161 -> 0 | I17: ='2. Manylion Prosiect'!H161 -> 0 | K17: ='2. Manylion Prosiect'!J161 -> 0 | M17: ='2. Manylion Prosiect'!L161 -> 0 | O17: ='2. Manylion Prosiect'!N161 -> 0 | Q17: ='2. Manylion Prosiect'!P161 -> 0 | S17: ='2. Manylion Prosiect'!R161 -> 0 | U17: ='2. Manylion Prosiect'!T161 -> 0 | W17: ='2. Manylion Prosiect'!V161 -> 0
D18: Equipment Costs as proxy for Heat Pump Cost (£) | E18: ='3. Manylion Costau Cymwys'!K16 -> 0 | G18: ='3. Manylion Costau Cymwys'!M16 -> 0 | I18: ='3. Manylion Costau Cymwys'!O16 -> 0 | K18: ='3. Manylion Costau Cymwys'!Q16 -> 0 | M18: ='3. Manylion Costau Cymwys'!S16 -> 0 | O18: ='3. Manylion Costau Cymwys'!U16 -> 0 | Q18: ='3. Manylion Costau Cymwys'!W16 -> 0 | S18: ='3. Manylion Costau Cymwys'!Y16 -> 0 | U18: ='3. Manylion Costau Cymwys'!AA16 -> 0 | W18: ='3. Manylion Costau Cymwys'!AC16 -> 0
D19: Heat Pump Cost (£/kW) | E19: =E18/E17 -> #DIV/0! | G19: =G18/G17 -> #DIV/0! | I19: =I18/I17 -> #DIV/0! | K19: =K18/K17 -> #DIV/0! | M19: =M18/M17 -> #DIV/0! | O19: =O18/O17 -> #DIV/0! | Q19: =Q18/Q17 -> #DIV/0! | S19: =S18/S17 -> #DIV/0! | U19: =U18/U17 -> #DIV/0! | W19: =W18/W17 -> #DIV/0!
D21: Primary Heat Supply | E21: ='2. Manylion Prosiect'!D165 -> 0 | G21: ='2. Manylion Prosiect'!F165 -> 0 | I21: ='2. Manylion Prosiect'!H165 -> 0 | K21: ='2. Manylion Prosiect'!J165 -> 0 | M21: ='2. Manylion Prosiect'!L165 -> 0 | O21: ='2. Manylion Prosiect'!N165 -> 0 | Q21: ='2. Manylion Prosiect'!P165 -> 0 | S21: ='2. Manylion Prosiect'!R165 -> 0 | U21: ='2. Manylion Prosiect'!T165 -> 0 | W21: ='2. Manylion Prosiect'!V165 -> 0
D22: % of 'reduced heat demand' | E22: =E21/E11 -> #VALUE! | G22: =G21/G11 -> #VALUE! | I22: =I21/I11 -> #VALUE! | K22: =K21/K11 -> #VALUE! | M22: =M21/M11 -> #VALUE! | O22: =O21/O11 -> #VALUE! | Q22: =Q21/Q11 -> #VALUE! | S22: =S21/S11 -> #VALUE! | U22: =U21/U11 -> #VALUE! | W22: =W21/W11 -> #VALUE!
D23: FTE (% of year running to supply heat demand) | E23: =(E21/E17)/(365*24) -> #DIV/0! | G23: =(G21/G17)/(365*24) -> #DIV/0! | I23: =(I21/I17)/(365*24) -> #DIV/0! | K23: =(K21/K17)/(365*24) -> #DIV/0! | M23: =(M21/M17)/(365*24) -> #DIV/0! | O23: =(O21/O17)/(365*24) -> #DIV/0! | Q23: =(Q21/Q17)/(365*24) -> #DIV/0! | S23: =(S21/S17)/(365*24) -> #DIV/0! | U23: =(U21/U17)/(365*24) -> #DIV/0! | W23: =(W21/W17)/(365*24) -> #DIV/0!
D24: Expected SCOP | E24: ='2. Manylion Prosiect'!D167 | G24: ='2. Manylion Prosiect'!F167 | I24: ='2. Manylion Prosiect'!H167 | K24: ='2. Manylion Prosiect'!J167 | M24: ='2. Manylion Prosiect'!L167 | O24: ='2. Manylion Prosiect'!N167 | Q24: ='2. Manylion Prosiect'!P167 | S24: ='2. Manylion Prosiect'!R167 | U24: ='2. Manylion Prosiect'!T167 | W24: ='2. Manylion Prosiect'!V167
D26: 1 yr Carbon saved (kgCO2e) | E26: ='2. Manylion Prosiect'!D47-'2. Manylion Prosiect'!D169 -> #N/A | G26: ='2. Manylion Prosiect'!F47-'2. Manylion Prosiect'!F169 -> #N/A | I26: ='2. Manylion Prosiect'!H47-'2. Manylion Prosiect'!H169 -> #N/A | K26: ='2. Manylion Prosiect'!J47-'2. Manylion Prosiect'!J169 -> #N/A | M26: ='2. Manylion Prosiect'!L47-'2. Manylion Prosiect'!L169 -> #N/A | O26: ='2. Manylion Prosiect'!N47-'2. Manylion Prosiect'!N169 -> #N/A | Q26: ='2. Manylion Prosiect'!P47-'2. Manylion Prosiect'!P169 -> #N/A | S26: ='2. Manylion Prosiect'!R47-'2. Manylion Prosiect'!R169 -> #N/A | U26: ='2. Manylion Prosiect'!T47-'2. Manylion Prosiect'!T169 -> #N/A | W26: ='2. Manylion Prosiect'!V47-'2. Manylion Prosiect'!V169 -> #N/A
D27: Lifetime | E27: 15 | G27: 15 | I27: 15 | K27: 15 | M27: 15 | O27: 15 | Q27: 15 | S27: 15 | U27: 15 | W27: 15
D28: 15 yr Lifetime Carbon Saved | E28: ='2. Manylion Prosiect'!D49-'2. Manylion Prosiect'!D171 -> #N/A | G28: ='2. Manylion Prosiect'!F49-'2. Manylion Prosiect'!F171 -> #N/A | I28: ='2. Manylion Prosiect'!H49-'2. Manylion Prosiect'!H171 -> #N/A | K28: ='2. Manylion Prosiect'!J49-'2. Manylion Prosiect'!J171 -> #N/A | M28: ='2. Manylion Prosiect'!L49-'2. Manylion Prosiect'!L171 -> #N/A | O28: ='2. Manylion Prosiect'!N49-'2. Manylion Prosiect'!N171 -> #N/A | Q28: ='2. Manylion Prosiect'!P49-'2. Manylion Prosiect'!P171 -> #N/A | S28: ='2. Manylion Prosiect'!R49-'2. Manylion Prosiect'!R171 -> #N/A | U28: ='2. Manylion Prosiect'!T49-'2. Manylion Prosiect'!T171 -> #N/A | W28: ='2. Manylion Prosiect'!V49-'2. Manylion Prosiect'!V171 -> #N/A
D29: Cost per KWh saved | E29: =E18/('2. Manylion Prosiect'!D41 - '2. Manylion Prosiect'!D163) -> #DIV/0! | G29: =G18/('2. Manylion Prosiect'!F41 - '2. Manylion Prosiect'!F163) -> #DIV/0! | I29: =I18/('2. Manylion Prosiect'!H41 - '2. Manylion Prosiect'!H163) -> #DIV/0! | K29: =K18/('2. Manylion Prosiect'!J41 - '2. Manylion Prosiect'!J163) -> #DIV/0! | M29: =M18/('2. Manylion Prosiect'!L41 - '2. Manylion Prosiect'!L163) -> #DIV/0! | O29: =O18/('2. Manylion Prosiect'!N41 - '2. Manylion Prosiect'!N163) -> #DIV/0! | Q29: =Q18/('2. Manylion Prosiect'!P41 - '2. Manylion Prosiect'!P163) -> #DIV/0! | S29: =S18/('2. Manylion Prosiect'!R41 - '2. Manylion Prosiect'!R163) -> #DIV/0! | U29: =U18/('2. Manylion Prosiect'!T41 - '2. Manylion Prosiect'!T163) -> #DIV/0! | W29: =W18/('2. Manylion Prosiect'!V41 - '2. Manylion Prosiect'!V163) -> #DIV/0!
D30: £ equipment grant per kgCO2e saved | E30: =E18/E28 -> #N/A | G30: =G18/G28 -> #N/A | I30: =I18/I28 -> #N/A | K30: =K18/K28 -> #N/A | M30: =M18/M28 -> #N/A | O30: =O18/O28 -> #N/A | Q30: =Q18/Q28 -> #N/A | S30: =S18/S28 -> #N/A | U30: =U18/U28 -> #N/A | W30: =W18/W28 -> #N/A
